Workbook
Name Categories: Budget!$A$6:$A$45
Name Mois: Lists!$A$1:$A$12
Name Types: Lists!$B$1:$B$3

Sheet Start
B2: 🦉 Budget spreadsheet 2026 · Souski
B3: Free from Souski, the budgeting app that looks after your money: souski.com
B5: ⚙️ Settings
B6: Year tracked | C6: 2026 | D6: The year shown on the dashboard and the yearly view.
B7: Starting balance (current account) | C7: 1500 | D7: Your balance on 1 January (or on the day you start).
B10: 🚀 How to use it
B11: 1. Enter the year and your starting balance above.
B12: 2. “Budget” tab: list your categories and the amount planned each month.
B13: 3. “Transactions” tab: add every expense / income (date, category, amount).
B14: 4. “Dashboard” tab: pick the month in the drop-down → everything is calculated.
B15: 5. “Yearly” tab: the whole year, month by month and category by category.
B16: 6. “Savings goals” and “Debts” tabs: track your plans and your loan payoff dates.
B18: 💡 Delete the example rows (transactions, goals, debts) before you start.
B19: 💡 Google Sheets: File → Import → upload this file. Everything works the same.
B20: 💡 Log a “Savings” entry when you move money to your savings account: your savings rate is calculated for you.
B23: 🎨 Key
B24: Cell to fill in
... B30: → Try Souski for free

Sheet Dashboard
B2: 📊 Dashboard
B3: Pick a month: everything updates.
B5: Month shown ▸ | C5: October | E5: Year ▸ | F5: =Start!$C$6
B7: Income | C7: Expenses | E7: Savings | G7: Left this month
B8: =SUMIFS(Transactions!$D$5:$D$1504,Transactions!$E$5:$E$1504,"Income",Transactions!$F$5:$F$1504,Lists!$C$1,Transactions!$G$5:$G$1504,Start!$C$6) | C8: =SUMIFS(Transactions!$D$5:$D$1504,Transactions!$E$5:$E$1504,"Expense",Transactions!$F$5:$F$1504,Lists!$C$1,Transactions!$G$5:$G$1504,Start!$C$6) | E8: =SUMIFS(Transactions!$D$5:$D$1504,Transactions!$E$5:$E$1504,"Savings",Transactions!$F$5:$F$1504,Lists!$C$1,Transactions!$G$5:$G$1504,Start!$C$6) | G8: =B8-C8-E8
B10: Savings rate | C10: =IF(B8=0,0,E8/B8) | D10: Spending budget used | G10: =IF(Budget!$G$7=0,0,C8/Budget!$G$7)
B12: Category | C12: Type | D12: Budget | E12: Actual | F12: Difference | G12: % used | H12: Status
B13: =IF(Budget!$A$6="","",Budget!$A$6) | C13: =IF(Budget!$B$6="","",Budget!$B$6) | D13: =IF(B13="","",Budget!$C$6) | E13: =IF(B13="","",SUMIFS(Transactions!$D$5:$D$1504,Transactions!$C$5:$C$1504,B13,Transactions!$F$5:$F$1504,Lists!$C$1,Transactions!$G$5:$G$1504,Start!$C$6)) | F13: =IF(B13="","",IF(C13="Income",E13-D13,D13-E13)) | G13: =IF(OR(B13="",N(D13)=0),"",E13/D13) | H13: =IF(B13="","",IF(C13="Income",IF(F13>=0,"✔ Reached","▼ Below"),IF(F13>=0,"✔ OK","⚠ Over")))
B14: =IF(Budget!$A$7="","",Budget!$A$7) | C14: =IF(Budget!$B$7="","",Budget!$B$7) | D14: =IF(B14="","",Budget!$C$7) | E14: =IF(B14="","",SUMIFS(Transactions!$D$5:$D$1504,Transactions!$C$5:$C$1504,B14,Transactions!$F$5:$F$1504,Lists!$C$1,Transactions!$G$5:$G$1504,Start!$C$6)) | F14: =IF(B14="","",IF(C14="Income",E14-D14,D14-E14)) | G14: =IF(OR(B14="",N(D14)=0),"",E14/D14) | H14: =IF(B14="","",IF(C14="Income",IF(F14>=0,"✔ Reached","▼ Below"),IF(F14>=0,"✔ OK","⚠ Over")))
B15: =IF(Budget!$A$8="","",Budget!$A$8) | C15: =IF(Budget!$B$8="","",Budget!$B$8) | D15: =IF(B15="","",Budget!$C$8) | E15: =IF(B15="","",SUMIFS(Transactions!$D$5:$D$1504,Transactions!$C$5:$C$1504,B15,Transactions!$F$5:$F$1504,Lists!$C$1,Transactions!$G$5:$G$1504,Start!$C$6)) | F15: =IF(B15="","",IF(C15="Income",E15-D15,D15-E15)) | G15: =IF(OR(B15="",N(D15)=0),"",E15/D15) | H15: =IF(B15="","",IF(C15="Income",IF(F15>=0,"✔ Reached","▼ Below"),IF(F15>=0,"✔ OK","⚠ Over")))
B16: =IF(Budget!$A$9="","",Budget!$A$9) | C16: =IF(Budget!$B$9="","",Budget!$B$9) | D16: =IF(B16="","",Budget!$C$9) | E16: =IF(B16="","",SUMIFS(Transactions!$D$5:$D$1504,Transactions!$C$5:$C$1504,B16,Transactions!$F$5:$F$1504,Lists!$C$1,Transactions!$G$5:$G$1504,Start!$C$6)) | F16: =IF(B16="","",IF(C16="Income",E16-D16,D16-E16)) | G16: =IF(OR(B16="",N(D16)=0),"",E16/D16) | H16: =IF(B16="","",IF(C16="Income",IF(F16>=0,"✔ Reached","▼ Below"),IF(F16>=0,"✔ OK","⚠ Over")))
B17: =IF(Budget!$A$10="","",Budget!$A$10) | C17: =IF(Budget!$B$10="","",Budget!$B$10) | D17: =IF(B17="","",Budget!$C$10) | E17: =IF(B17="","",SUMIFS(Transactions!$D$5:$D$1504,Transactions!$C$5:$C$1504,B17,Transactions!$F$5:$F$1504,Lists!$C$1,Transactions!$G$5:$G$1504,Start!$C$6)) | F17: =IF(B17="","",IF(C17="Income",E17-D17,D17-E17)) | G17: =IF(OR(B17="",N(D17)=0),"",E17/D17) | H17: =IF(B17="","",IF(C17="Income",IF(F17>=0,"✔ Reached","▼ Below"),IF(F17>=0,"✔ OK","⚠ Over")))
B18: =IF(Budget!$A$11="","",Budget!$A$11) | C18: =IF(Budget!$B$11="","",Budget!$B$11) | D18: =IF(B18="","",Budget!$C$11) | E18: =IF(B18="","",SUMIFS(Transactions!$D$5:$D$1504,Transactions!$C$5:$C$1504,B18,Transactions!$F$5:$F$1504,Lists!$C$1,Transactions!$G$5:$G$1504,Start!$C$6)) | F18: =IF(B18="","",IF(C18="Income",E18-D18,D18-E18)) | G18: =IF(OR(B18="",N(D18)=0),"",E18/D18) | H18: =IF(B18="","",IF(C18="Income",IF(F18>=0,"✔ Reached","▼ Below"),IF(F18>=0,"✔ OK","⚠ Over")))
B19: =IF(Budget!$A$12="","",Budget!$A$12) | C19: =IF(Budget!$B$12="","",Budget!$B$12) | D19: =IF(B19="","",Budget!$C$12) | E19: =IF(B19="","",SUMIFS(Transactions!$D$5:$D$1504,Transactions!$C$5:$C$1504,B19,Transactions!$F$5:$F$1504,Lists!$C$1,Transactions!$G$5:$G$1504,Start!$C$6)) | F19: =IF(B19="","",IF(C19="Income",E19-D19,D19-E19)) | G19: =IF(OR(B19="",N(D19)=0),"",E19/D19) | H19: =IF(B19="","",IF(C19="Income",IF(F19>=0,"✔ Reached","▼ Below"),IF(F19>=0,"✔ OK","⚠ Over")))
B20: =IF(Budget!$A$13="","",Budget!$A$13) | C20: =IF(Budget!$B$13="","",Budget!$B$13) | D20: =IF(B20="","",Budget!$C$13) | E20: =IF(B20="","",SUMIFS(Transactions!$D$5:$D$1504,Transactions!$C$5:$C$1504,B20,Transactions!$F$5:$F$1504,Lists!$C$1,Transactions!$G$5:$G$1504,Start!$C$6)) | F20: =IF(B20="","",IF(C20="Income",E20-D20,D20-E20)) | G20: =IF(OR(B20="",N(D20)=0),"",E20/D20) | H20: =IF(B20="","",IF(C20="Income",IF(F20>=0,"✔ Reached","▼ Below"),IF(F20>=0,"✔ OK","⚠ Over")))
B21: =IF(Budget!$A$14="","",Budget!$A$14) | C21: =IF(Budget!$B$14="","",Budget!$B$14) | D21: =IF(B21="","",Budget!$C$14) | E21: =IF(B21="","",SUMIFS(Transactions!$D$5:$D$1504,Transactions!$C$5:$C$1504,B21,Transactions!$F$5:$F$1504,Lists!$C$1,Transactions!$G$5:$G$1504,Start!$C$6)) | F21: =IF(B21="","",IF(C21="Income",E21-D21,D21-E21)) | G21: =IF(OR(B21="",N(D21)=0),"",E21/D21) | H21: =IF(B21="","",IF(C21="Income",IF(F21>=0,"✔ Reached","▼ Below"),IF(F21>=0,"✔ OK","⚠ Over")))
B22: =IF(Budget!$A$15="","",Budget!$A$15) | C22: =IF(Budget!$B$15="","",Budget!$B$15) | D22: =IF(B22="","",Budget!$C$15) | E22: =IF(B22="","",SUMIFS(Transactions!$D$5:$D$1504,Transactions!$C$5:$C$1504,B22,Transactions!$F$5:$F$1504,Lists!$C$1,Transactions!$G$5:$G$1504,Start!$C$6)) | F22: =IF(B22="","",IF(C22="Income",E22-D22,D22-E22)) | G22: =IF(OR(B22="",N(D22)=0),"",E22/D22) | H22: =IF(B22="","",IF(C22="Income",IF(F22>=0,"✔ Reached","▼ Below"),IF(F22>=0,"✔ OK","⚠ Over")))
B23: =IF(Budget!$A$16="","",Budget!$A$16) | C23: =IF(Budget!$B$16="","",Budget!$B$16) | D23: =IF(B23="","",Budget!$C$16) | E23: =IF(B23="","",SUMIFS(Transactions!$D$5:$D$1504,Transactions!$C$5:$C$1504,B23,Transactions!$F$5:$F$1504,Lists!$C$1,Transactions!$G$5:$G$1504,Start!$C$6)) | F23: =IF(B23="","",IF(C23="Income",E23-D23,D23-E23)) | G23: =IF(OR(B23="",N(D23)=0),"",E23/D23) | H23: =IF(B23="","",IF(C23="Income",IF(F23>=0,"✔ Reached","▼ Below"),IF(F23>=0,"✔ OK","⚠ Over")))
B24: =IF(Budget!$A$17="","",Budget!$A$17) | C24: =IF(Budget!$B$17="","",Budget!$B$17) | D24: =IF(B24="","",Budget!$C$17) | E24: =IF(B24="","",SUMIFS(Transactions!$D$5:$D$1504,Transactions!$C$5:$C$1504,B24,Transactions!$F$5:$F$1504,Lists!$C$1,Transactions!$G$5:$G$1504,Start!$C$6)) | F24: =IF(B24="","",IF(C24="Income",E24-D24,D24-E24)) | G24: =IF(OR(B24="",N(D24)=0),"",E24/D24) | H24: =IF(B24="","",IF(C24="Income",IF(F24>=0,"✔ Reached","▼ Below"),IF(F24>=0,"✔ OK","⚠ Over")))
B25: =IF(Budget!$A$18="","",Budget!$A$18) | C25: =IF(Budget!$B$18="","",Budget!$B$18) | D25: =IF(B25="","",Budget!$C$18) | E25: =IF(B25="","",SUMIFS(Transactions!$D$5:$D$1504,Transactions!$C$5:$C$1504,B25,Transactions!$F$5:$F$1504,Lists!$C$1,Transactions!$G$5:$G$1504,Start!$C$6)) | F25: =IF(B25="","",IF(C25="Income",E25-D25,D25-E25)) | G25: =IF(OR(B25="",N(D25)=0),"",E25/D25) | H25: =IF(B25="","",IF(C25="Income",IF(F25>=0,"✔ Reached","▼ Below"),IF(F25>=0,"✔ OK","⚠ Over")))
B26: =IF(Budget!$A$19="","",Budget!$A$19) | C26: =IF(Budget!$B$19="","",Budget!$B$19) | D26: =IF(B26="","",Budget!$C$19) | E26: =IF(B26="","",SUMIFS(Transactions!$D$5:$D$1504,Transactions!$C$5:$C$1504,B26,Transactions!$F$5:$F$1504,Lists!$C$1,Transactions!$G$5:$G$1504,Start!$C$6)) | F26: =IF(B26="","",IF(C26="Income",E26-D26,D26-E26)) | G26: =IF(OR(B26="",N(D26)=0),"",E26/D26) | H26: =IF(B26="","",IF(C26="Income",IF(F26>=0,"✔ Reached","▼ Below"),IF(F26>=0,"✔ OK","⚠ Over")))
B27: =IF(Budget!$A$20="","",Budget!$A$20) | C27: =IF(Budget!$B$20="","",Budget!$B$20) | D27: =IF(B27="","",Budget!$C$20) | E27: =IF(B27="","",SUMIFS(Transactions!$D$5:$D$1504,Transactions!$C$5:$C$1504,B27,Transactions!$F$5:$F$1504,Lists!$C$1,Transactions!$G$5:$G$1504,Start!$C$6)) | F27: =IF(B27="","",IF(C27="Income",E27-D27,D27-E27)) | G27: =IF(OR(B27="",N(D27)=0),"",E27/D27) | H27: =IF(B27="","",IF(C27="Income",IF(F27>=0,"✔ Reached","▼ Below"),IF(F27>=0,"✔ OK","⚠ Over")))
B28: =IF(Budget!$A$21="","",Budget!$A$21) | C28: =IF(Budget!$B$21="","",Budget!$B$21) | D28: =IF(B28="","",Budget!$C$21) | E28: =IF(B28="","",SUMIFS(Transactions!$D$5:$D$1504,Transactions!$C$5:$C$1504,B28,Transactions!$F$5:$F$1504,Lists!$C$1,Transactions!$G$5:$G$1504,Start!$C$6)) | F28: =IF(B28="","",IF(C28="Income",E28-D28,D28-E28)) | G28: =IF(OR(B28="",N(D28)=0),"",E28/D28) | H28: =IF(B28="","",IF(C28="Income",IF(F28>=0,"✔ Reached","▼ Below"),IF(F28>=0,"✔ OK","⚠ Over")))
B29: =IF(Budget!$A$22="","",Budget!$A$22) | C29: =IF(Budget!$B$22="","",Budget!$B$22) | D29: =IF(B29="","",Budget!$C$22) | E29: =IF(B29="","",SUMIFS(Transactions!$D$5:$D$1504,Transactions!$C$5:$C$1504,B29,Transactions!$F$5:$F$1504,Lists!$C$1,Transactions!$G$5:$G$1504,Start!$C$6)) | F29: =IF(B29="","",IF(C29="Income",E29-D29,D29-E29)) | G29: =IF(OR(B29="",N(D29)=0),"",E29/D29) | H29: =IF(B29="","",IF(C29="Income",IF(F29>=0,"✔ Reached","▼ Below"),IF(F29>=0,"✔ OK","⚠ Over")))
B30: =IF(Budget!$A$23="","",Budget!$A$23) | C30: =IF(Budget!$B$23="","",Budget!$B$23) | D30: =IF(B30="","",Budget!$C$23) | E30: =IF(B30="","",SUMIFS(Transactions!$D$5:$D$1504,Transactions!$C$5:$C$1504,B30,Transactions!$F$5:$F$1504,Lists!$C$1,Transactions!$G$5:$G$1504,Start!$C$6)) | F30: =IF(B30="","",IF(C30="Income",E30-D30,D30-E30)) | G30: =IF(OR(B30="",N(D30)=0),"",E30/D30) | H30: =IF(B30="","",IF(C30="Income",IF(F30>=0,"✔ Reached","▼ Below"),IF(F30>=0,"✔ OK","⚠ Over")))
B31: =IF(Budget!$A$24="","",Budget!$A$24) | C31: =IF(Budget!$B$24="","",Budget!$B$24) | D31: =IF(B31="","",Budget!$C$24) | E31: =IF(B31="","",SUMIFS(Transactions!$D$5:$D$1504,Transactions!$C$5:$C$1504,B31,Transactions!$F$5:$F$1504,Lists!$C$1,Transactions!$G$5:$G$1504,Start!$C$6)) | F31: =IF(B31="","",IF(C31="Income",E31-D31,D31-E31)) | G31: =IF(OR(B31="",N(D31)=0),"",E31/D31) | H31: =IF(B31="","",IF(C31="Income",IF(F31>=0,"✔ Reached","▼ Below"),IF(F31>=0,"✔ OK","⚠ Over")))
B32: =IF(Budget!$A$25="","",Budget!$A$25) | C32: =IF(Budget!$B$25="","",Budget!$B$25) | D32: =IF(B32="","",Budget!$C$25) | E32: =IF(B32="","",SUMIFS(Transactions!$D$5:$D$1504,Transactions!$C$5:$C$1504,B32,Transactions!$F$5:$F$1504,Lists!$C$1,Transactions!$G$5:$G$1504,Start!$C$6)) | F32: =IF(B32="","",IF(C32="Income",E32-D32,D32-E32)) | G32: =IF(OR(B32="",N(D32)=0),"",E32/D32) | H32: =IF(B32="","",IF(C32="Income",IF(F32>=0,"✔ Reached","▼ Below"),IF(F32>=0,"✔ OK","⚠ Over")))
B33: =IF(Budget!$A$26="","",Budget!$A$26) | C33: =IF(Budget!$B$26="","",Budget!$B$26) | D33: =IF(B33="","",Budget!$C$26) | E33: =IF(B33="","",SUMIFS(Transactions!$D$5:$D$1504,Transactions!$C$5:$C$1504,B33,Transactions!$F$5:$F$1504,Lists!$C$1,Transactions!$G$5:$G$1504,Start!$C$6)) | F33: =IF(B33="","",IF(C33="Income",E33-D33,D33-E33)) | G33: =IF(OR(B33="",N(D33)=0),"",E33/D33) | H33: =IF(B33="","",IF(C33="Income",IF(F33>=0,"✔ Reached","▼ Below"),IF(F33>=0,"✔ OK","⚠ Over")))
B34: =IF(Budget!$A$27="","",Budget!$A$27) | C34: =IF(Budget!$B$27="","",Budget!$B$27) | D34: =IF(B34="","",Budget!$C$27) | E34: =IF(B34="","",SUMIFS(Transactions!$D$5:$D$1504,Transactions!$C$5:$C$1504,B34,Transactions!$F$5:$F$1504,Lists!$C$1,Transactions!$G$5:$G$1504,Start!$C$6)) | F34: =IF(B34="","",IF(C34="Income",E34-D34,D34-E34)) | G34: =IF(OR(B34="",N(D34)=0),"",E34/D34) | H34: =IF(B34="","",IF(C34="Income",IF(F34>=0,"✔ Reached","▼ Below"),IF(F34>=0,"✔ OK","⚠ Over")))
B35: =IF(Budget!$A$28="","",Budget!$A$28) | C35: =IF(Budget!$B$28="","",Budget!$B$28) | D35: =IF(B35="","",Budget!$C$28) | E35: =IF(B35="","",SUMIFS(Transactions!$D$5:$D$1504,Transactions!$C$5:$C$1504,B35,Transactions!$F$5:$F$1504,Lists!$C$1,Transactions!$G$5:$G$1504,Start!$C$6)) | F35: =IF(B35="","",IF(C35="Income",E35-D35,D35-E35)) | G35: =IF(OR(B35="",N(D35)=0),"",E35/D35) | H35: =IF(B35="","",IF(C35="Income",IF(F35>=0,"✔ Reached","▼ Below"),IF(F35>=0,"✔ OK","⚠ Over")))
B36: =IF(Budget!$A$29="","",Budget!$A$29) | C36: =IF(Budget!$B$29="","",Budget!$B$29) | D36: =IF(B36="","",Budget!$C$29) | E36: =IF(B36="","",SUMIFS(Transactions!$D$5:$D$1504,Transactions!$C$5:$C$1504,B36,Transactions!$F$5:$F$1504,Lists!$C$1,Transactions!$G$5:$G$1504,Start!$C$6)) | F36: =IF(B36="","",IF(C36="Income",E36-D36,D36-E36)) | G36: =IF(OR(B36="",N(D36)=0),"",E36/D36) | H36: =IF(B36="","",IF(C36="Income",IF(F36>=0,"✔ Reached","▼ Below"),IF(F36>=0,"✔ OK","⚠ Over")))
B37: =IF(Budget!$A$30="","",Budget!$A$30) | C37: =IF(Budget!$B$30="","",Budget!$B$30) | D37: =IF(B37="","",Budget!$C$30) | E37: =IF(B37="","",SUMIFS(Transactions!$D$5:$D$1504,Transactions!$C$5:$C$1504,B37,Transactions!$F$5:$F$1504,Lists!$C$1,Transactions!$G$5:$G$1504,Start!$C$6)) | F37: =IF(B37="","",IF(C37="Income",E37-D37,D37-E37)) | G37: =IF(OR(B37="",N(D37)=0),"",E37/D37) | H37: =IF(B37="","",IF(C37="Income",IF(F37>=0,"✔ Reached","▼ Below"),IF(F37>=0,"✔ OK","⚠ Over")))
B38: =IF(Budget!$A$31="","",Budget!$A$31) | C38: =IF(Budget!$B$31="","",Budget!$B$31) | D38: =IF(B38="","",Budget!$C$31) | E38: =IF(B38="","",SUMIFS(Transactions!$D$5:$D$1504,Transactions!$C$5:$C$1504,B38,Transactions!$F$5:$F$1504,Lists!$C$1,Transactions!$G$5:$G$1504,Start!$C$6)) | F38: =IF(B38="","",IF(C38="Income",E38-D38,D38-E38)) | G38: =IF(OR(B38="",N(D38)=0),"",E38/D38) | H38: =IF(B38="","",IF(C38="Income",IF(F38>=0,"✔ Reached","▼ Below"),IF(F38>=0,"✔ OK","⚠ Over")))
B39: =IF(Budget!$A$32="","",Budget!$A$32) | C39: =IF(Budget!$B$32="","",Budget!$B$32) | D39: =IF(B39="","",Budget!$C$32) | E39: =IF(B39="","",SUMIFS(Transactions!$D$5:$D$1504,Transactions!$C$5:$C$1504,B39,Transactions!$F$5:$F$1504,Lists!$C$1,Transactions!$G$5:$G$1504,Start!$C$6)) | F39: =IF(B39="","",IF(C39="Income",E39-D39,D39-E39)) | G39: =IF(OR(B39="",N(D39)=0),"",E39/D39) | H39: =IF(B39="","",IF(C39="Income",IF(F39>=0,"✔ Reached","▼ Below"),IF(F39>=0,"✔ OK","⚠ Over")))
B40: =IF(Budget!$A$33="","",Budget!$A$33) | C40: =IF(Budget!$B$33="","",Budget!$B$33) | D40: =IF(B40="","",Budget!$C$33) | E40: =IF(B40="","",SUMIFS(Transactions!$D$5:$D$1504,Transactions!$C$5:$C$1504,B40,Transactions!$F$5:$F$1504,Lists!$C$1,Transactions!$G$5:$G$1504,Start!$C$6)) | F40: =IF(B40="","",IF(C40="Income",E40-D40,D40-E40)) | G40: =IF(OR(B40="",N(D40)=0),"",E40/D40) | H40: =IF(B40="","",IF(C40="Income",IF(F40>=0,"✔ Reached","▼ Below"),IF(F40>=0,"✔ OK","⚠ Over")))
B41: =IF(Budget!$A$34="","",Budget!$A$34) | C41: =IF(Budget!$B$34="","",Budget!$B$34) | D41: =IF(B41="","",Budget!$C$34) | E41: =IF(B41="","",SUMIFS(Transactions!$D$5:$D$1504,Transactions!$C$5:$C$1504,B41,Transactions!$F$5:$F$1504,Lists!$C$1,Transactions!$G$5:$G$1504,Start!$C$6)) | F41: =IF(B41="","",IF(C41="Income",E41-D41,D41-E41)) | G41: =IF(OR(B41="",N(D41)=0),"",E41/D41) | H41: =IF(B41="","",IF(C41="Income",IF(F41>=0,"✔ Reached","▼ Below"),IF(F41>=0,"✔ OK","⚠ Over")))
B42: =IF(Budget!$A$35="","",Budget!$A$35) | C42: =IF(Budget!$B$35="","",Budget!$B$35) | D42: =IF(B42="","",Budget!$C$35) | E42: =IF(B42="","",SUMIFS(Transactions!$D$5:$D$1504,Transactions!$C$5:$C$1504,B42,Transactions!$F$5:$F$1504,Lists!$C$1,Transactions!$G$5:$G$1504,Start!$C$6)) | F42: =IF(B42="","",IF(C42="Income",E42-D42,D42-E42)) | G42: =IF(OR(B42="",N(D42)=0),"",E42/D42) | H42: =IF(B42="","",IF(C42="Income",IF(F42>=0,"✔ Reached","▼ Below"),IF(F42>=0,"✔ OK","⚠ Over")))
B43: =IF(Budget!$A$36="","",Budget!$A$36) | C43: =IF(Budget!$B$36="","",Budget!$B$36) | D43: =IF(B43="","",Budget!$C$36) | E43: =IF(B43="","",SUMIFS(Transactions!$D$5:$D$1504,Transactions!$C$5:$C$1504,B43,Transactions!$F$5:$F$1504,Lists!$C$1,Transactions!$G$5:$G$1504,Start!$C$6)) | F43: =IF(B43="","",IF(C43="Income",E43-D43,D43-E43)) | G43: =IF(OR(B43="",N(D43)=0),"",E43/D43) | H43: =IF(B43="","",IF(C43="Income",IF(F43>=0,"✔ Reached","▼ Below"),IF(F43>=0,"✔ OK","⚠ Over")))
B44: =IF(Budget!$A$37="","",Budget!$A$37) | C44: =IF(Budget!$B$37="","",Budget!$B$37) | D44: =IF(B44="","",Budget!$C$37) | E44: =IF(B44="","",SUMIFS(Transactions!$D$5:$D$1504,Transactions!$C$5:$C$1504,B44,Transactions!$F$5:$F$1504,Lists!$C$1,Transactions!$G$5:$G$1504,Start!$C$6)) | F44: =IF(B44="","",IF(C44="Income",E44-D44,D44-E44)) | G44: =IF(OR(B44="",N(D44)=0),"",E44/D44) | H44: =IF(B44="","",IF(C44="Income",IF(F44>=0,"✔ Reached","▼ Below"),IF(F44>=0,"✔ OK","⚠ Over")))
B45: =IF(Budget!$A$38="","",Budget!$A$38) | C45: =IF(Budget!$B$38="","",Budget!$B$38) | D45: =IF(B45="","",Budget!$C$38) | E45: =IF(B45="","",SUMIFS(Transactions!$D$5:$D$1504,Transactions!$C$5:$C$1504,B45,Transactions!$F$5:$F$1504,Lists!$C$1,Transactions!$G$5:$G$1504,Start!$C$6)) | F45: =IF(B45="","",IF(C45="Income",E45-D45,D45-E45)) | G45: =IF(OR(B45="",N(D45)=0),"",E45/D45) | H45: =IF(B45="","",IF(C45="Income",IF(F45>=0,"✔ Reached","▼ Below"),IF(F45>=0,"✔ OK","⚠ Over")))
B46: =IF(Budget!$A$39="","",Budget!$A$39) | C46: =IF(Budget!$B$39="","",Budget!$B$39) | D46: =IF(B46="","",Budget!$C$39) | E46: =IF(B46="","",SUMIFS(Transactions!$D$5:$D$1504,Transactions!$C$5:$C$1504,B46,Transactions!$F$5:$F$1504,Lists!$C$1,Transactions!$G$5:$G$1504,Start!$C$6)) | F46: =IF(B46="","",IF(C46="Income",E46-D46,D46-E46)) | G46: =IF(OR(B46="",N(D46)=0),"",E46/D46) | H46: =IF(B46="","",IF(C46="Income",IF(F46>=0,"✔ Reached","▼ Below"),IF(F46>=0,"✔ OK","⚠ Over")))
B47: =IF(Budget!$A$40="","",Budget!$A$40) | C47: =IF(Budget!$B$40="","",Budget!$B$40) | D47: =IF(B47="","",Budget!$C$40) | E47: =IF(B47="","",SUMIFS(Transactions!$D$5:$D$1504,Transactions!$C$5:$C$1504,B47,Transactions!$F$5:$F$1504,Lists!$C$1,Transactions!$G$5:$G$1504,Start!$C$6)) | F47: =IF(B47="","",IF(C47="Income",E47-D47,D47-E47)) | G47: =IF(OR(B47="",N(D47)=0),"",E47/D47) | H47: =IF(B47="","",IF(C47="Income",IF(F47>=0,"✔ Reached","▼ Below"),IF(F47>=0,"✔ OK","⚠ Over")))
B48: =IF(Budget!$A$41="","",Budget!$A$41) | C48: =IF(Budget!$B$41="","",Budget!$B$41) | D48: =IF(B48="","",Budget!$C$41) | E48: =IF(B48="","",SUMIFS(Transactions!$D$5:$D$1504,Transactions!$C$5:$C$1504,B48,Transactions!$F$5:$F$1504,Lists!$C$1,Transactions!$G$5:$G$1504,Start!$C$6)) | F48: =IF(B48="","",IF(C48="Income",E48-D48,D48-E48)) | G48: =IF(OR(B48="",N(D48)=0),"",E48/D48) | H48: =IF(B48="","",IF(C48="Income",IF(F48>=0,"✔ Reached","▼ Below"),IF(F48>=0,"✔ OK","⚠ Over")))
B49: =IF(Budget!$A$42="","",Budget!$A$42) | C49: =IF(Budget!$B$42="","",Budget!$B$42) | D49: =IF(B49="","",Budget!$C$42) | E49: =IF(B49="","",SUMIFS(Transactions!$D$5:$D$1504,Transactions!$C$5:$C$1504,B49,Transactions!$F$5:$F$1504,Lists!$C$1,Transactions!$G$5:$G$1504,Start!$C$6)) | F49: =IF(B49="","",IF(C49="Income",E49-D49,D49-E49)) | G49: =IF(OR(B49="",N(D49)=0),"",E49/D49) | H49: =IF(B49="","",IF(C49="Income",IF(F49>=0,"✔ Reached","▼ Below"),IF(F49>=0,"✔ OK","⚠ Over")))
B50: =IF(Budget!$A$43="","",Budget!$A$43) | C50: =IF(Budget!$B$43="","",Budget!$B$43) | D50: =IF(B50="","",Budget!$C$43) | E50: =IF(B50="","",SUMIFS(Transactions!$D$5:$D$1504,Transactions!$C$5:$C$1504,B50,Transactions!$F$5:$F$1504,Lists!$C$1,Transactions!$G$5:$G$1504,Start!$C$6)) | F50: =IF(B50="","",IF(C50="Income",E50-D50,D50-E50)) | G50: =IF(OR(B50="",N(D50)=0),"",E50/D50) | H50: =IF(B50="","",IF(C50="Income",IF(F50>=0,"✔ Reached","▼ Below"),IF(F50>=0,"✔ OK","⚠ Over")))
B51: =IF(Budget!$A$44="","",Budget!$A$44) | C51: =IF(Budget!$B$44="","",Budget!$B$44) | D51: =IF(B51="","",Budget!$C$44) | E51: =IF(B51="","",SUMIFS(Transactions!$D$5:$D$1504,Transactions!$C$5:$C$1504,B51,Transactions!$F$5:$F$1504,Lists!$C$1,Transactions!$G$5:$G$1504,Start!$C$6)) | F51: =IF(B51="","",IF(C51="Income",E51-D51,D51-E51)) | G51: =IF(OR(B51="",N(D51)=0),"",E51/D51) | H51: =IF(B51="","",IF(C51="Income",IF(F51>=0,"✔ Reached","▼ Below"),IF(F51>=0,"✔ OK","⚠ Over")))
B52: =IF(Budget!$A$45="","",Budget!$A$45) | C52: =IF(Budget!$B$45="","",Budget!$B$45) | D52: =IF(B52="","",Budget!$C$45) | E52: =IF(B52="","",SUMIFS(Transactions!$D$5:$D$1504,Transactions!$C$5:$C$1504,B52,Transactions!$F$5:$F$1504,Lists!$C$1,Transactions!$G$5:$G$1504,Start!$C$6)) | F52: =IF(B52="","",IF(C52="Income",E52-D52,D52-E52)) | G52: =IF(OR(B52="",N(D52)=0),"",E52/D52) | H52: =IF(B52="","",IF(C52="Income",IF(F52>=0,"✔ Reached","▼ Below"),IF(F52>=0,"✔ OK","⚠ Over")))

Sheet Transactions
A2: 🧾 Transactions
A3: One row per transaction. Amounts are always positive: the type comes from the category.
A4: Date | B4: Description | C4: Category | D4: Amount | E4: Type | F4: Month | G4: Year
A5: 46266 | B5: Salary payment | C5: Salary | D5: 2100 | E5: =IF(C5="","",IFERROR(INDEX(Budget!$B$6:$B$45,MATCH(C5,Budget!$A$6:$A$45,0)),"Unknown")) | F5: =IF(A5="","",MONTH(A5)) | G5: =IF(A5="","",YEAR(A5))
A6: 46267 | B6: September rent | C6: Rent / mortgage | D6: 650 | E6: =IF(C6="","",IFERROR(INDEX(Budget!$B$6:$B$45,MATCH(C6,Budget!$A$6:$A$45,0)),"Unknown")) | F6: =IF(A6="","",MONTH(A6)) | G6: =IF(A6="","",YEAR(A6))
A7: 46269 | B7: Supermarket | C7: Groceries | D7: 86.4 | E7: =IF(C7="","",IFERROR(INDEX(Budget!$B$6:$B$45,MATCH(C7,Budget!$A$6:$A$45,0)),"Unknown")) | F7: =IF(A7="","",MONTH(A7)) | G7: =IF(A7="","",YEAR(A7))
A8: 46273 | B8: Fuel | C8: Transport / fuel | D8: 62.1 | E8: =IF(C8="","",IFERROR(INDEX(Budget!$B$6:$B$45,MATCH(C8,Budget!$A$6:$A$45,0)),"Unknown")) | F8: =IF(A8="","",MONTH(A8)) | G8: =IF(A8="","",YEAR(A8))
A9: 46275 | B9: Netflix + Spotify | C9: Subscriptions | D9: 29.98 | E9: =IF(C9="","",IFERROR(INDEX(Budget!$B$6:$B$45,MATCH(C9,Budget!$A$6:$A$45,0)),"Unknown")) | F9: =IF(A9="","",MONTH(A9)) | G9: =IF(A9="","",YEAR(A9))
A10: 46277 | B10: Dinner with friends | C10: Eating out / delivery | D10: 34.5 | E10: =IF(C10="","",IFERROR(INDEX(Budget!$B$6:$B$45,MATCH(C10,Budget!$A$6:$A$45,0)),"Unknown")) | F10: =IF(A10="","",MONTH(A10)) | G10: =IF(A10="","",YEAR(A10))
A11: 46280 | B11: Supermarket | C11: Groceries | D11: 112.75 | E11: =IF(C11="","",IFERROR(INDEX(Budget!$B$6:$B$45,MATCH(C11,Budget!$A$6:$A$45,0)),"Unknown")) | F11: =IF(A11="","",MONTH(A11)) | G11: =IF(A11="","",YEAR(A11))
A12: 46283 | B12: Energy bill | C12: Electricity / gas | D12: 68 | E12: =IF(C12="","",IFERROR(INDEX(Budget!$B$6:$B$45,MATCH(C12,Budget!$A$6:$A$45,0)),"Unknown")) | F12: =IF(A12="","",MONTH(A12)) | G12: =IF(A12="","",YEAR(A12))
A13: 46285 | B13: Transfer to savings | C13: Savings account | D13: 200 | E13: =IF(C13="","",IFERROR(INDEX(Budget!$B$6:$B$45,MATCH(C13,Budget!$A$6:$A$45,0)),"Unknown")) | F13: =IF(A13="","",MONTH(A13)) | G13: =IF(A13="","",YEAR(A13))
A14: 46287 | B14: Car loan payment | C14: Debt repayments | D14: 220 | E14: =IF(C14="","",IFERROR(INDEX(Budget!$B$6:$B$45,MATCH(C14,Budget!$A$6:$A$45,0)),"Unknown")) | F14: =IF(A14="","",MONTH(A14)) | G14: =IF(A14="","",YEAR(A14))
A15: 46290 | B15: Sold on Vinted | C15: Other income | D15: 45 | E15: =IF(C15="","",IFERROR(INDEX(Budget!$B$6:$B$45,MATCH(C15,Budget!$A$6:$A$45,0)),"Unknown")) | F15: =IF(A15="","",MONTH(A15)) | G15: =IF(A15="","",YEAR(A15))
A16: 46292 | B16: Supermarket | C16: Groceries | D16: 98.2 | E16: =IF(C16="","",IFERROR(INDEX(Budget!$B$6:$B$45,MATCH(C16,Budget!$A$6:$A$45,0)),"Unknown")) | F16: =IF(A16="","",MONTH(A16)) | G16: =IF(A16="","",YEAR(A16))
... A24: 46301 | B24: Pharmacy | C24: Health | D24: 14.6 | E24: =IF(C24="","",IFERROR(INDEX(Budget!$B$6:$B$45,MATCH(C24,Budget!$A$6:$A$45,0)),"Unknown")) | F24: =IF(A24="","",MONTH(A24)) | G24: =IF(A24="","",YEAR(A24))
E25: =IF(C25="","",IFERROR(INDEX(Budget!$B$6:$B$45,MATCH(C25,Budget!$A$6:$A$45,0)),"Unknown")) | F25: =IF(A25="","",MONTH(A25)) | G25: =IF(A25="","",YEAR(A25))
E26: =IF(C26="","",IFERROR(INDEX(Budget!$B$6:$B$45,MATCH(C26,Budget!$A$6:$A$45,0)),"Unknown")) | F26: =IF(A26="","",MONTH(A26)) | G26: =IF(A26="","",YEAR(A26))
E27: =IF(C27="","",IFERROR(INDEX(Budget!$B$6:$B$45,MATCH(C27,Budget!$A$6:$A$45,0)),"Unknown")) | F27: =IF(A27="","",MONTH(A27)) | G27: =IF(A27="","",YEAR(A27))
E28: =IF(C28="","",IFERROR(INDEX(Budget!$B$6:$B$45,MATCH(C28,Budget!$A$6:$A$45,0)),"Unknown")) | F28: =IF(A28="","",MONTH(A28)) | G28: =IF(A28="","",YEAR(A28))
E29: =IF(C29="","",IFERROR(INDEX(Budget!$B$6:$B$45,MATCH(C29,Budget!$A$6:$A$45,0)),"Unknown")) | F29: =IF(A29="","",MONTH(A29)) | G29: =IF(A29="","",YEAR(A29))
E30: =IF(C30="","",IFERROR(INDEX(Budget!$B$6:$B$45,MATCH(C30,Budget!$A$6:$A$45,0)),"Unknown")) | F30: =IF(A30="","",MONTH(A30)) | G30: =IF(A30="","",YEAR(A30))
E31: =IF(C31="","",IFERROR(INDEX(Budget!$B$6:$B$45,MATCH(C31,Budget!$A$6:$A$45,0)),"Unknown")) | F31: =IF(A31="","",MONTH(A31)) | G31: =IF(A31="","",YEAR(A31))
E32: =IF(C32="","",IFERROR(INDEX(Budget!$B$6:$B$45,MATCH(C32,Budget!$A$6:$A$45,0)),"Unknown")) | F32: =IF(A32="","",MONTH(A32)) | G32: =IF(A32="","",YEAR(A32))
E33: =IF(C33="","",IFERROR(INDEX(Budget!$B$6:$B$45,MATCH(C33,Budget!$A$6:$A$45,0)),"Unknown")) | F33: =IF(A33="","",MONTH(A33)) | G33: =IF(A33="","",YEAR(A33))
E34: =IF(C34="","",IFERROR(INDEX(Budget!$B$6:$B$45,MATCH(C34,Budget!$A$6:$A$45,0)),"Unknown")) | F34: =IF(A34="","",MONTH(A34)) | G34: =IF(A34="","",YEAR(A34))
E35: =IF(C35="","",IFERROR(INDEX(Budget!$B$6:$B$45,MATCH(C35,Budget!$A$6:$A$45,0)),"Unknown")) | F35: =IF(A35="","",MONTH(A35)) | G35: =IF(A35="","",YEAR(A35))
E36: =IF(C36="","",IFERROR(INDEX(Budget!$B$6:$B$45,MATCH(C36,Budget!$A$6:$A$45,0)),"Unknown")) | F36: =IF(A36="","",MONTH(A36)) | G36: =IF(A36="","",YEAR(A36))
... E1504: =IF(C1504="","",IFERROR(INDEX(Budget!$B$6:$B$45,MATCH(C1504,Budget!$A$6:$A$45,0)),"Unknown")) | F1504: =IF(A1504="","",MONTH(A1504)) | G1504: =IF(A1504="","",YEAR(A1504))

Sheet Budget
A2: 🗂️ Planned monthly budget
A3: Your categories and how much you plan each month. Add or rename freely (40 rows).
A5: Category | B5: Type | C5: Budget / month | D5: Notes | F5: Budget summary | G5: € / month
A6: Salary | B6: Income | C6: 2100 | F6: Planned income | G6: =SUMIF($B$6:$B$45,"Income",$C$6:$C$45)
A7: Bonuses / extras | B7: Income | C7: 0 | F7: Planned spending | G7: =SUMIF($B$6:$B$45,"Expense",$C$6:$C$45)
A8: Other income | B8: Income | C8: 0 | F8: Planned savings | G8: =SUMIF($B$6:$B$45,"Savings",$C$6:$C$45)
A9: Rent / mortgage | B9: Expense | C9: 650 | F9: Left to assign | G9: =G6-G7-G8
A10: Electricity / gas | B10: Expense | C10: 70
A11: Internet / phone | B11: Expense | C11: 35 | F11: Goal: “Left to assign” = €0 → every euro has a job.
A12: Insurance | B12: Expense | C12: 45
A13: Groceries | B13: Expense | C13: 320
A14: Eating out / delivery | B14: Expense | C14: 80
A15: Transport / fuel | B15: Expense | C15: 120
A16: Health | B16: Expense | C16: 30
A17: Subscriptions | B17: Expense | C17: 35
A18: Shopping / clothes | B18: Expense | C18: 70
A19: Leisure / going out | B19: Expense | C19: 70
A20: Gifts | B20: Expense | C20: 20
A21: Debt repayments | B21: Expense | C21: 220
A22: Miscellaneous | B22: Expense | C22: 40
A23: Savings account | B23: Savings | C23: 200

Sheet Yearly
B2: 📅 Yearly view
B3: Calculated automatically from the transactions of the year chosen in “Start”.
B5: Month | C5: Income | D5: Expenses | E5: Savings | F5: Monthly net | G5: Running balance
B6: January | C6: =SUMIFS(Transactions!$D$5:$D$1504,Transactions!$E$5:$E$1504,"Income",Transactions!$F$5:$F$1504,1,Transactions!$G$5:$G$1504,Start!$C$6) | D6: =SUMIFS(Transactions!$D$5:$D$1504,Transactions!$E$5:$E$1504,"Expense",Transactions!$F$5:$F$1504,1,Transactions!$G$5:$G$1504,Start!$C$6) | E6: =SUMIFS(Transactions!$D$5:$D$1504,Transactions!$E$5:$E$1504,"Savings",Transactions!$F$5:$F$1504,1,Transactions!$G$5:$G$1504,Start!$C$6) | F6: =C6-D6-E6 | G6: =Start!$C$7+F6
B7: February | C7: =SUMIFS(Transactions!$D$5:$D$1504,Transactions!$E$5:$E$1504,"Income",Transactions!$F$5:$F$1504,2,Transactions!$G$5:$G$1504,Start!$C$6) | D7: =SUMIFS(Transactions!$D$5:$D$1504,Transactions!$E$5:$E$1504,"Expense",Transactions!$F$5:$F$1504,2,Transactions!$G$5:$G$1504,Start!$C$6) | E7: =SUMIFS(Transactions!$D$5:$D$1504,Transactions!$E$5:$E$1504,"Savings",Transactions!$F$5:$F$1504,2,Transactions!$G$5:$G$1504,Start!$C$6) | F7: =C7-D7-E7 | G7: =G6+F7
B8: March | C8: =SUMIFS(Transactions!$D$5:$D$1504,Transactions!$E$5:$E$1504,"Income",Transactions!$F$5:$F$1504,3,Transactions!$G$5:$G$1504,Start!$C$6) | D8: =SUMIFS(Transactions!$D$5:$D$1504,Transactions!$E$5:$E$1504,"Expense",Transactions!$F$5:$F$1504,3,Transactions!$G$5:$G$1504,Start!$C$6) | E8: =SUMIFS(Transactions!$D$5:$D$1504,Transactions!$E$5:$E$1504,"Savings",Transactions!$F$5:$F$1504,3,Transactions!$G$5:$G$1504,Start!$C$6) | F8: =C8-D8-E8 | G8: =G7+F8
B9: April | C9: =SUMIFS(Transactions!$D$5:$D$1504,Transactions!$E$5:$E$1504,"Income",Transactions!$F$5:$F$1504,4,Transactions!$G$5:$G$1504,Start!$C$6) | D9: =SUMIFS(Transactions!$D$5:$D$1504,Transactions!$E$5:$E$1504,"Expense",Transactions!$F$5:$F$1504,4,Transactions!$G$5:$G$1504,Start!$C$6) | E9: =SUMIFS(Transactions!$D$5:$D$1504,Transactions!$E$5:$E$1504,"Savings",Transactions!$F$5:$F$1504,4,Transactions!$G$5:$G$1504,Start!$C$6) | F9: =C9-D9-E9 | G9: =G8+F9
B10: May | C10: =SUMIFS(Transactions!$D$5:$D$1504,Transactions!$E$5:$E$1504,"Income",Transactions!$F$5:$F$1504,5,Transactions!$G$5:$G$1504,Start!$C$6) | D10: =SUMIFS(Transactions!$D$5:$D$1504,Transactions!$E$5:$E$1504,"Expense",Transactions!$F$5:$F$1504,5,Transactions!$G$5:$G$1504,Start!$C$6) | E10: =SUMIFS(Transactions!$D$5:$D$1504,Transactions!$E$5:$E$1504,"Savings",Transactions!$F$5:$F$1504,5,Transactions!$G$5:$G$1504,Start!$C$6) | F10: =C10-D10-E10 | G10: =G9+F10
B11: June | C11: =SUMIFS(Transactions!$D$5:$D$1504,Transactions!$E$5:$E$1504,"Income",Transactions!$F$5:$F$1504,6,Transactions!$G$5:$G$1504,Start!$C$6) | D11: =SUMIFS(Transactions!$D$5:$D$1504,Transactions!$E$5:$E$1504,"Expense",Transactions!$F$5:$F$1504,6,Transactions!$G$5:$G$1504,Start!$C$6) | E11: =SUMIFS(Transactions!$D$5:$D$1504,Transactions!$E$5:$E$1504,"Savings",Transactions!$F$5:$F$1504,6,Transactions!$G$5:$G$1504,Start!$C$6) | F11: =C11-D11-E11 | G11: =G10+F11
B12: July | C12: =SUMIFS(Transactions!$D$5:$D$1504,Transactions!$E$5:$E$1504,"Income",Transactions!$F$5:$F$1504,7,Transactions!$G$5:$G$1504,Start!$C$6) | D12: =SUMIFS(Transactions!$D$5:$D$1504,Transactions!$E$5:$E$1504,"Expense",Transactions!$F$5:$F$1504,7,Transactions!$G$5:$G$1504,Start!$C$6) | E12: =SUMIFS(Transactions!$D$5:$D$1504,Transactions!$E$5:$E$1504,"Savings",Transactions!$F$5:$F$1504,7,Transactions!$G$5:$G$1504,Start!$C$6) | F12: =C12-D12-E12 | G12: =G11+F12
B13: August | C13: =SUMIFS(Transactions!$D$5:$D$1504,Transactions!$E$5:$E$1504,"Income",Transactions!$F$5:$F$1504,8,Transactions!$G$5:$G$1504,Start!$C$6) | D13: =SUMIFS(Transactions!$D$5:$D$1504,Transactions!$E$5:$E$1504,"Expense",Transactions!$F$5:$F$1504,8,Transactions!$G$5:$G$1504,Start!$C$6) | E13: =SUMIFS(Transactions!$D$5:$D$1504,Transactions!$E$5:$E$1504,"Savings",Transactions!$F$5:$F$1504,8,Transactions!$G$5:$G$1504,Start!$C$6) | F13: =C13-D13-E13 | G13: =G12+F13
B14: September | C14: =SUMIFS(Transactions!$D$5:$D$1504,Transactions!$E$5:$E$1504,"Income",Transactions!$F$5:$F$1504,9,Transactions!$G$5:$G$1504,Start!$C$6) | D14: =SUMIFS(Transactions!$D$5:$D$1504,Transactions!$E$5:$E$1504,"Expense",Transactions!$F$5:$F$1504,9,Transactions!$G$5:$G$1504,Start!$C$6) | E14: =SUMIFS(Transactions!$D$5:$D$1504,Transactions!$E$5:$E$1504,"Savings",Transactions!$F$5:$F$1504,9,Transactions!$G$5:$G$1504,Start!$C$6) | F14: =C14-D14-E14 | G14: =G13+F14
B15: October | C15: =SUMIFS(Transactions!$D$5:$D$1504,Transactions!$E$5:$E$1504,"Income",Transactions!$F$5:$F$1504,10,Transactions!$G$5:$G$1504,Start!$C$6) | D15: =SUMIFS(Transactions!$D$5:$D$1504,Transactions!$E$5:$E$1504,"Expense",Transactions!$F$5:$F$1504,10,Transactions!$G$5:$G$1504,Start!$C$6) | E15: =SUMIFS(Transactions!$D$5:$D$1504,Transactions!$E$5:$E$1504,"Savings",Transactions!$F$5:$F$1504,10,Transactions!$G$5:$G$1504,Start!$C$6) | F15: =C15-D15-E15 | G15: =G14+F15
B16: November | C16: =SUMIFS(Transactions!$D$5:$D$1504,Transactions!$E$5:$E$1504,"Income",Transactions!$F$5:$F$1504,11,Transactions!$G$5:$G$1504,Start!$C$6) | D16: =SUMIFS(Transactions!$D$5:$D$1504,Transactions!$E$5:$E$1504,"Expense",Transactions!$F$5:$F$1504,11,Transactions!$G$5:$G$1504,Start!$C$6) | E16: =SUMIFS(Transactions!$D$5:$D$1504,Transactions!$E$5:$E$1504,"Savings",Transactions!$F$5:$F$1504,11,Transactions!$G$5:$G$1504,Start!$C$6) | F16: =C16-D16-E16 | G16: =G15+F16
B17: December | C17: =SUMIFS(Transactions!$D$5:$D$1504,Transactions!$E$5:$E$1504,"Income",Transactions!$F$5:$F$1504,12,Transactions!$G$5:$G$1504,Start!$C$6) | D17: =SUMIFS(Transactions!$D$5:$D$1504,Transactions!$E$5:$E$1504,"Expense",Transactions!$F$5:$F$1504,12,Transactions!$G$5:$G$1504,Start!$C$6) | E17: =SUMIFS(Transactions!$D$5:$D$1504,Transactions!$E$5:$E$1504,"Savings",Transactions!$F$5:$F$1504,12,Transactions!$G$5:$G$1504,Start!$C$6) | F17: =C17-D17-E17 | G17: =G16+F17
B18: TOTAL | C18: =SUM(C6:C17) | D18: =SUM(D6:D17) | E18: =SUM(E6:E17) | F18: =SUM(F6:F17)
B20: Breakdown by category
B21: Category | C21: Type | D21: Jan | E21: Feb | F21: Mar | G21: Apr | H21: May | I21: Jun | J21: Jul | K21: Aug | L21: Sep | M21: Oct | N21: Nov | O21: Dec | P21: Total | Q21: Avg./month
B22: =IF(Budget!$A$6="","",Budget!$A$6) | C22: =IF(Budget!$B$6="","",Budget!$B$6) | D22: =IF($B22="","",SUMIFS(Transactions!$D$5:$D$1504,Transactions!$C$5:$C$1504,$B22,Transactions!$F$5:$F$1504,1,Transactions!$G$5:$G$1504,Start!$C$6)) | E22: =IF($B22="","",SUMIFS(Transactions!$D$5:$D$1504,Transactions!$C$5:$C$1504,$B22,Transactions!$F$5:$F$1504,2,Transactions!$G$5:$G$1504,Start!$C$6)) | F22: =IF($B22="","",SUMIFS(Transactions!$D$5:$D$1504,Transactions!$C$5:$C$1504,$B22,Transactions!$F$5:$F$1504,3,Transactions!$G$5:$G$1504,Start!$C$6)) | G22: =IF($B22="","",SUMIFS(Transactions!$D$5:$D$1504,Transactions!$C$5:$C$1504,$B22,Transactions!$F$5:$F$1504,4,Transactions!$G$5:$G$1504,Start!$C$6)) | H22: =IF($B22="","",SUMIFS(Transactions!$D$5:$D$1504,Transactions!$C$5:$C$1504,$B22,Transactions!$F$5:$F$1504,5,Transactions!$G$5:$G$1504,Start!$C$6)) | I22: =IF($B22="","",SUMIFS(Transactions!$D$5:$D$1504,Transactions!$C$5:$C$1504,$B22,Transactions!$F$5:$F$1504,6,Transactions!$G$5:$G$1504,Start!$C$6)) | J22: =IF($B22="","",SUMIFS(Transactions!$D$5:$D$1504,Transactions!$C$5:$C$1504,$B22,Transactions!$F$5:$F$1504,7,Transactions!$G$5:$G$1504,Start!$C$6)) | K22: =IF($B22="","",SUMIFS(Transactions!$D$5:$D$1504,Transactions!$C$5:$C$1504,$B22,Transactions!$F$5:$F$1504,8,Transactions!$G$5:$G$1504,Start!$C$6)) | L22: =IF($B22="","",SUMIFS(Transactions!$D$5:$D$1504,Transactions!$C$5:$C$1504,$B22,Transactions!$F$5:$F$1504,9,Transactions!$G$5:$G$1504,Start!$C$6)) | M22: =IF($B22="","",SUMIFS(Transactions!$D$5:$D$1504,Transactions!$C$5:$C$1504,$B22,Transactions!$F$5:$F$1504,10,Transactions!$G$5:$G$1504,Start!$C$6)) | N22: =IF($B22="","",SUMIFS(Transactions!$D$5:$D$1504,Transactions!$C$5:$C$1504,$B22,Transactions!$F$5:$F$1504,11,Transactions!$G$5:$G$1504,Start!$C$6)) | O22: =IF($B22="","",SUMIFS(Transactions!$D$5:$D$1504,Transactions!$C$5:$C$1504,$B22,Transactions!$F$5:$F$1504,12,Transactions!$G$5:$G$1504,Start!$C$6)) | P22: =IF($B22="","",SUM(D22:O22)) | Q22: =IF($B22="","",P22/MAX(1,Lists!$D$1))
B23: =IF(Budget!$A$7="","",Budget!$A$7) | C23: =IF(Budget!$B$7="","",Budget!$B$7) | D23: =IF($B23="","",SUMIFS(Transactions!$D$5:$D$1504,Transactions!$C$5:$C$1504,$B23,Transactions!$F$5:$F$1504,1,Transactions!$G$5:$G$1504,Start!$C$6)) | E23: =IF($B23="","",SUMIFS(Transactions!$D$5:$D$1504,Transactions!$C$5:$C$1504,$B23,Transactions!$F$5:$F$1504,2,Transactions!$G$5:$G$1504,Start!$C$6)) | F23: =IF($B23="","",SUMIFS(Transactions!$D$5:$D$1504,Transactions!$C$5:$C$1504,$B23,Transactions!$F$5:$F$1504,3,Transactions!$G$5:$G$1504,Start!$C$6)) | G23: =IF($B23="","",SUMIFS(Transactions!$D$5:$D$1504,Transactions!$C$5:$C$1504,$B23,Transactions!$F$5:$F$1504,4,Transactions!$G$5:$G$1504,Start!$C$6)) | H23: =IF($B23="","",SUMIFS(Transactions!$D$5:$D$1504,Transactions!$C$5:$C$1504,$B23,Transactions!$F$5:$F$1504,5,Transactions!$G$5:$G$1504,Start!$C$6)) | I23: =IF($B23="","",SUMIFS(Transactions!$D$5:$D$1504,Transactions!$C$5:$C$1504,$B23,Transactions!$F$5:$F$1504,6,Transactions!$G$5:$G$1504,Start!$C$6)) | J23: =IF($B23="","",SUMIFS(Transactions!$D$5:$D$1504,Transactions!$C$5:$C$1504,$B23,Transactions!$F$5:$F$1504,7,Transactions!$G$5:$G$1504,Start!$C$6)) | K23: =IF($B23="","",SUMIFS(Transactions!$D$5:$D$1504,Transactions!$C$5:$C$1504,$B23,Transactions!$F$5:$F$1504,8,Transactions!$G$5:$G$1504,Start!$C$6)) | L23: =IF($B23="","",SUMIFS(Transactions!$D$5:$D$1504,Transactions!$C$5:$C$1504,$B23,Transactions!$F$5:$F$1504,9,Transactions!$G$5:$G$1504,Start!$C$6)) | M23: =IF($B23="","",SUMIFS(Transactions!$D$5:$D$1504,Transactions!$C$5:$C$1504,$B23,Transactions!$F$5:$F$1504,10,Transactions!$G$5:$G$1504,Start!$C$6)) | N23: =IF($B23="","",SUMIFS(Transactions!$D$5:$D$1504,Transactions!$C$5:$C$1504,$B23,Transactions!$F$5:$F$1504,11,Transactions!$G$5:$G$1504,Start!$C$6)) | O23: =IF($B23="","",SUMIFS(Transactions!$D$5:$D$1504,Transactions!$C$5:$C$1504,$B23,Transactions!$F$5:$F$1504,12,Transactions!$G$5:$G$1504,Start!$C$6)) | P23: =IF($B23="","",SUM(D23:O23)) | Q23: =IF($B23="","",P23/MAX(1,Lists!$D$1))
B24: =IF(Budget!$A$8="","",Budget!$A$8) | C24: =IF(Budget!$B$8="","",Budget!$B$8) | D24: =IF($B24="","",SUMIFS(Transactions!$D$5:$D$1504,Transactions!$C$5:$C$1504,$B24,Transactions!$F$5:$F$1504,1,Transactions!$G$5:$G$1504,Start!$C$6)) | E24: =IF($B24="","",SUMIFS(Transactions!$D$5:$D$1504,Transactions!$C$5:$C$1504,$B24,Transactions!$F$5:$F$1504,2,Transactions!$G$5:$G$1504,Start!$C$6)) | F24: =IF($B24="","",SUMIFS(Transactions!$D$5:$D$1504,Transactions!$C$5:$C$1504,$B24,Transactions!$F$5:$F$1504,3,Transactions!$G$5:$G$1504,Start!$C$6)) | G24: =IF($B24="","",SUMIFS(Transactions!$D$5:$D$1504,Transactions!$C$5:$C$1504,$B24,Transactions!$F$5:$F$1504,4,Transactions!$G$5:$G$1504,Start!$C$6)) | H24: =IF($B24="","",SUMIFS(Transactions!$D$5:$D$1504,Transactions!$C$5:$C$1504,$B24,Transactions!$F$5:$F$1504,5,Transactions!$G$5:$G$1504,Start!$C$6)) | I24: =IF($B24="","",SUMIFS(Transactions!$D$5:$D$1504,Transactions!$C$5:$C$1504,$B24,Transactions!$F$5:$F$1504,6,Transactions!$G$5:$G$1504,Start!$C$6)) | J24: =IF($B24="","",SUMIFS(Transactions!$D$5:$D$1504,Transactions!$C$5:$C$1504,$B24,Transactions!$F$5:$F$1504,7,Transactions!$G$5:$G$1504,Start!$C$6)) | K24: =IF($B24="","",SUMIFS(Transactions!$D$5:$D$1504,Transactions!$C$5:$C$1504,$B24,Transactions!$F$5:$F$1504,8,Transactions!$G$5:$G$1504,Start!$C$6)) | L24: =IF($B24="","",SUMIFS(Transactions!$D$5:$D$1504,Transactions!$C$5:$C$1504,$B24,Transactions!$F$5:$F$1504,9,Transactions!$G$5:$G$1504,Start!$C$6)) | M24: =IF($B24="","",SUMIFS(Transactions!$D$5:$D$1504,Transactions!$C$5:$C$1504,$B24,Transactions!$F$5:$F$1504,10,Transactions!$G$5:$G$1504,Start!$C$6)) | N24: =IF($B24="","",SUMIFS(Transactions!$D$5:$D$1504,Transactions!$C$5:$C$1504,$B24,Transactions!$F$5:$F$1504,11,Transactions!$G$5:$G$1504,Start!$C$6)) | O24: =IF($B24="","",SUMIFS(Transactions!$D$5:$D$1504,Transactions!$C$5:$C$1504,$B24,Transactions!$F$5:$F$1504,12,Transactions!$G$5:$G$1504,Start!$C$6)) | P24: =IF($B24="","",SUM(D24:O24)) | Q24: =IF($B24="","",P24/MAX(1,Lists!$D$1))
B25: =IF(Budget!$A$9="","",Budget!$A$9) | C25: =IF(Budget!$B$9="","",Budget!$B$9) | D25: =IF($B25="","",SUMIFS(Transactions!$D$5:$D$1504,Transactions!$C$5:$C$1504,$B25,Transactions!$F$5:$F$1504,1,Transactions!$G$5:$G$1504,Start!$C$6)) | E25: =IF($B25="","",SUMIFS(Transactions!$D$5:$D$1504,Transactions!$C$5:$C$1504,$B25,Transactions!$F$5:$F$1504,2,Transactions!$G$5:$G$1504,Start!$C$6)) | F25: =IF($B25="","",SUMIFS(Transactions!$D$5:$D$1504,Transactions!$C$5:$C$1504,$B25,Transactions!$F$5:$F$1504,3,Transactions!$G$5:$G$1504,Start!$C$6)) | G25: =IF($B25="","",SUMIFS(Transactions!$D$5:$D$1504,Transactions!$C$5:$C$1504,$B25,Transactions!$F$5:$F$1504,4,Transactions!$G$5:$G$1504,Start!$C$6)) | H25: =IF($B25="","",SUMIFS(Transactions!$D$5:$D$1504,Transactions!$C$5:$C$1504,$B25,Transactions!$F$5:$F$1504,5,Transactions!$G$5:$G$1504,Start!$C$6)) | I25: =IF($B25="","",SUMIFS(Transactions!$D$5:$D$1504,Transactions!$C$5:$C$1504,$B25,Transactions!$F$5:$F$1504,6,Transactions!$G$5:$G$1504,Start!$C$6)) | J25: =IF($B25="","",SUMIFS(Transactions!$D$5:$D$1504,Transactions!$C$5:$C$1504,$B25,Transactions!$F$5:$F$1504,7,Transactions!$G$5:$G$1504,Start!$C$6)) | K25: =IF($B25="","",SUMIFS(Transactions!$D$5:$D$1504,Transactions!$C$5:$C$1504,$B25,Transactions!$F$5:$F$1504,8,Transactions!$G$5:$G$1504,Start!$C$6)) | L25: =IF($B25="","",SUMIFS(Transactions!$D$5:$D$1504,Transactions!$C$5:$C$1504,$B25,Transactions!$F$5:$F$1504,9,Transactions!$G$5:$G$1504,Start!$C$6)) | M25: =IF($B25="","",SUMIFS(Transactions!$D$5:$D$1504,Transactions!$C$5:$C$1504,$B25,Transactions!$F$5:$F$1504,10,Transactions!$G$5:$G$1504,Start!$C$6)) | N25: =IF($B25="","",SUMIFS(Transactions!$D$5:$D$1504,Transactions!$C$5:$C$1504,$B25,Transactions!$F$5:$F$1504,11,Transactions!$G$5:$G$1504,Start!$C$6)) | O25: =IF($B25="","",SUMIFS(Transactions!$D$5:$D$1504,Transactions!$C$5:$C$1504,$B25,Transactions!$F$5:$F$1504,12,Transactions!$G$5:$G$1504,Start!$C$6)) | P25: =IF($B25="","",SUM(D25:O25)) | Q25: =IF($B25="","",P25/MAX(1,Lists!$D$1))
B26: =IF(Budget!$A$10="","",Budget!$A$10) | C26: =IF(Budget!$B$10="","",Budget!$B$10) | D26: =IF($B26="","",SUMIFS(Transactions!$D$5:$D$1504,Transactions!$C$5:$C$1504,$B26,Transactions!$F$5:$F$1504,1,Transactions!$G$5:$G$1504,Start!$C$6)) | E26: =IF($B26="","",SUMIFS(Transactions!$D$5:$D$1504,Transactions!$C$5:$C$1504,$B26,Transactions!$F$5:$F$1504,2,Transactions!$G$5:$G$1504,Start!$C$6)) | F26: =IF($B26="","",SUMIFS(Transactions!$D$5:$D$1504,Transactions!$C$5:$C$1504,$B26,Transactions!$F$5:$F$1504,3,Transactions!$G$5:$G$1504,Start!$C$6)) | G26: =IF($B26="","",SUMIFS(Transactions!$D$5:$D$1504,Transactions!$C$5:$C$1504,$B26,Transactions!$F$5:$F$1504,4,Transactions!$G$5:$G$1504,Start!$C$6)) | H26: =IF($B26="","",SUMIFS(Transactions!$D$5:$D$1504,Transactions!$C$5:$C$1504,$B26,Transactions!$F$5:$F$1504,5,Transactions!$G$5:$G$1504,Start!$C$6)) | I26: =IF($B26="","",SUMIFS(Transactions!$D$5:$D$1504,Transactions!$C$5:$C$1504,$B26,Transactions!$F$5:$F$1504,6,Transactions!$G$5:$G$1504,Start!$C$6)) | J26: =IF($B26="","",SUMIFS(Transactions!$D$5:$D$1504,Transactions!$C$5:$C$1504,$B26,Transactions!$F$5:$F$1504,7,Transactions!$G$5:$G$1504,Start!$C$6)) | K26: =IF($B26="","",SUMIFS(Transactions!$D$5:$D$1504,Transactions!$C$5:$C$1504,$B26,Transactions!$F$5:$F$1504,8,Transactions!$G$5:$G$1504,Start!$C$6)) | L26: =IF($B26="","",SUMIFS(Transactions!$D$5:$D$1504,Transactions!$C$5:$C$1504,$B26,Transactions!$F$5:$F$1504,9,Transactions!$G$5:$G$1504,Start!$C$6)) | M26: =IF($B26="","",SUMIFS(Transactions!$D$5:$D$1504,Transactions!$C$5:$C$1504,$B26,Transactions!$F$5:$F$1504,10,Transactions!$G$5:$G$1504,Start!$C$6)) | N26: =IF($B26="","",SUMIFS(Transactions!$D$5:$D$1504,Transactions!$C$5:$C$1504,$B26,Transactions!$F$5:$F$1504,11,Transactions!$G$5:$G$1504,Start!$C$6)) | O26: =IF($B26="","",SUMIFS(Transactions!$D$5:$D$1504,Transactions!$C$5:$C$1504,$B26,Transactions!$F$5:$F$1504,12,Transactions!$G$5:$G$1504,Start!$C$6)) | P26: =IF($B26="","",SUM(D26:O26)) | Q26: =IF($B26="","",P26/MAX(1,Lists!$D$1))
B27: =IF(Budget!$A$11="","",Budget!$A$11) | C27: =IF(Budget!$B$11="","",Budget!$B$11) | D27: =IF($B27="","",SUMIFS(Transactions!$D$5:$D$1504,Transactions!$C$5:$C$1504,$B27,Transactions!$F$5:$F$1504,1,Transactions!$G$5:$G$1504,Start!$C$6)) | E27: =IF($B27="","",SUMIFS(Transactions!$D$5:$D$1504,Transactions!$C$5:$C$1504,$B27,Transactions!$F$5:$F$1504,2,Transactions!$G$5:$G$1504,Start!$C$6)) | F27: =IF($B27="","",SUMIFS(Transactions!$D$5:$D$1504,Transactions!$C$5:$C$1504,$B27,Transactions!$F$5:$F$1504,3,Transactions!$G$5:$G$1504,Start!$C$6)) | G27: =IF($B27="","",SUMIFS(Transactions!$D$5:$D$1504,Transactions!$C$5:$C$1504,$B27,Transactions!$F$5:$F$1504,4,Transactions!$G$5:$G$1504,Start!$C$6)) | H27: =IF($B27="","",SUMIFS(Transactions!$D$5:$D$1504,Transactions!$C$5:$C$1504,$B27,Transactions!$F$5:$F$1504,5,Transactions!$G$5:$G$1504,Start!$C$6)) | I27: =IF($B27="","",SUMIFS(Transactions!$D$5:$D$1504,Transactions!$C$5:$C$1504,$B27,Transactions!$F$5:$F$1504,6,Transactions!$G$5:$G$1504,Start!$C$6)) | J27: =IF($B27="","",SUMIFS(Transactions!$D$5:$D$1504,Transactions!$C$5:$C$1504,$B27,Transactions!$F$5:$F$1504,7,Transactions!$G$5:$G$1504,Start!$C$6)) | K27: =IF($B27="","",SUMIFS(Transactions!$D$5:$D$1504,Transactions!$C$5:$C$1504,$B27,Transactions!$F$5:$F$1504,8,Transactions!$G$5:$G$1504,Start!$C$6)) | L27: =IF($B27="","",SUMIFS(Transactions!$D$5:$D$1504,Transactions!$C$5:$C$1504,$B27,Transactions!$F$5:$F$1504,9,Transactions!$G$5:$G$1504,Start!$C$6)) | M27: =IF($B27="","",SUMIFS(Transactions!$D$5:$D$1504,Transactions!$C$5:$C$1504,$B27,Transactions!$F$5:$F$1504,10,Transactions!$G$5:$G$1504,Start!$C$6)) | N27: =IF($B27="","",SUMIFS(Transactions!$D$5:$D$1504,Transactions!$C$5:$C$1504,$B27,Transactions!$F$5:$F$1504,11,Transactions!$G$5:$G$1504,Start!$C$6)) | O27: =IF($B27="","",SUMIFS(Transactions!$D$5:$D$1504,Transactions!$C$5:$C$1504,$B27,Transactions!$F$5:$F$1504,12,Transactions!$G$5:$G$1504,Start!$C$6)) | P27: =IF($B27="","",SUM(D27:O27)) | Q27: =IF($B27="","",P27/MAX(1,Lists!$D$1))
B28: =IF(Budget!$A$12="","",Budget!$A$12) | C28: =IF(Budget!$B$12="","",Budget!$B$12) | D28: =IF($B28="","",SUMIFS(Transactions!$D$5:$D$1504,Transactions!$C$5:$C$1504,$B28,Transactions!$F$5:$F$1504,1,Transactions!$G$5:$G$1504,Start!$C$6)) | E28: =IF($B28="","",SUMIFS(Transactions!$D$5:$D$1504,Transactions!$C$5:$C$1504,$B28,Transactions!$F$5:$F$1504,2,Transactions!$G$5:$G$1504,Start!$C$6)) | F28: =IF($B28="","",SUMIFS(Transactions!$D$5:$D$1504,Transactions!$C$5:$C$1504,$B28,Transactions!$F$5:$F$1504,3,Transactions!$G$5:$G$1504,Start!$C$6)) | G28: =IF($B28="","",SUMIFS(Transactions!$D$5:$D$1504,Transactions!$C$5:$C$1504,$B28,Transactions!$F$5:$F$1504,4,Transactions!$G$5:$G$1504,Start!$C$6)) | H28: =IF($B28="","",SUMIFS(Transactions!$D$5:$D$1504,Transactions!$C$5:$C$1504,$B28,Transactions!$F$5:$F$1504,5,Transactions!$G$5:$G$1504,Start!$C$6)) | I28: =IF($B28="","",SUMIFS(Transactions!$D$5:$D$1504,Transactions!$C$5:$C$1504,$B28,Transactions!$F$5:$F$1504,6,Transactions!$G$5:$G$1504,Start!$C$6)) | J28: =IF($B28="","",SUMIFS(Transactions!$D$5:$D$1504,Transactions!$C$5:$C$1504,$B28,Transactions!$F$5:$F$1504,7,Transactions!$G$5:$G$1504,Start!$C$6)) | K28: =IF($B28="","",SUMIFS(Transactions!$D$5:$D$1504,Transactions!$C$5:$C$1504,$B28,Transactions!$F$5:$F$1504,8,Transactions!$G$5:$G$1504,Start!$C$6)) | L28: =IF($B28="","",SUMIFS(Transactions!$D$5:$D$1504,Transactions!$C$5:$C$1504,$B28,Transactions!$F$5:$F$1504,9,Transactions!$G$5:$G$1504,Start!$C$6)) | M28: =IF($B28="","",SUMIFS(Transactions!$D$5:$D$1504,Transactions!$C$5:$C$1504,$B28,Transactions!$F$5:$F$1504,10,Transactions!$G$5:$G$1504,Start!$C$6)) | N28: =IF($B28="","",SUMIFS(Transactions!$D$5:$D$1504,Transactions!$C$5:$C$1504,$B28,Transactions!$F$5:$F$1504,11,Transactions!$G$5:$G$1504,Start!$C$6)) | O28: =IF($B28="","",SUMIFS(Transactions!$D$5:$D$1504,Transactions!$C$5:$C$1504,$B28,Transactions!$F$5:$F$1504,12,Transactions!$G$5:$G$1504,Start!$C$6)) | P28: =IF($B28="","",SUM(D28:O28)) | Q28: =IF($B28="","",P28/MAX(1,Lists!$D$1))
B29: =IF(Budget!$A$13="","",Budget!$A$13) | C29: =IF(Budget!$B$13="","",Budget!$B$13) | D29: =IF($B29="","",SUMIFS(Transactions!$D$5:$D$1504,Transactions!$C$5:$C$1504,$B29,Transactions!$F$5:$F$1504,1,Transactions!$G$5:$G$1504,Start!$C$6)) | E29: =IF($B29="","",SUMIFS(Transactions!$D$5:$D$1504,Transactions!$C$5:$C$1504,$B29,Transactions!$F$5:$F$1504,2,Transactions!$G$5:$G$1504,Start!$C$6)) | F29: =IF($B29="","",SUMIFS(Transactions!$D$5:$D$1504,Transactions!$C$5:$C$1504,$B29,Transactions!$F$5:$F$1504,3,Transactions!$G$5:$G$1504,Start!$C$6)) | G29: =IF($B29="","",SUMIFS(Transactions!$D$5:$D$1504,Transactions!$C$5:$C$1504,$B29,Transactions!$F$5:$F$1504,4,Transactions!$G$5:$G$1504,Start!$C$6)) | H29: =IF($B29="","",SUMIFS(Transactions!$D$5:$D$1504,Transactions!$C$5:$C$1504,$B29,Transactions!$F$5:$F$1504,5,Transactions!$G$5:$G$1504,Start!$C$6)) | I29: =IF($B29="","",SUMIFS(Transactions!$D$5:$D$1504,Transactions!$C$5:$C$1504,$B29,Transactions!$F$5:$F$1504,6,Transactions!$G$5:$G$1504,Start!$C$6)) | J29: =IF($B29="","",SUMIFS(Transactions!$D$5:$D$1504,Transactions!$C$5:$C$1504,$B29,Transactions!$F$5:$F$1504,7,Transactions!$G$5:$G$1504,Start!$C$6)) | K29: =IF($B29="","",SUMIFS(Transactions!$D$5:$D$1504,Transactions!$C$5:$C$1504,$B29,Transactions!$F$5:$F$1504,8,Transactions!$G$5:$G$1504,Start!$C$6)) | L29: =IF($B29="","",SUMIFS(Transactions!$D$5:$D$1504,Transactions!$C$5:$C$1504,$B29,Transactions!$F$5:$F$1504,9,Transactions!$G$5:$G$1504,Start!$C$6)) | M29: =IF($B29="","",SUMIFS(Transactions!$D$5:$D$1504,Transactions!$C$5:$C$1504,$B29,Transactions!$F$5:$F$1504,10,Transactions!$G$5:$G$1504,Start!$C$6)) | N29: =IF($B29="","",SUMIFS(Transactions!$D$5:$D$1504,Transactions!$C$5:$C$1504,$B29,Transactions!$F$5:$F$1504,11,Transactions!$G$5:$G$1504,Start!$C$6)) | O29: =IF($B29="","",SUMIFS(Transactions!$D$5:$D$1504,Transactions!$C$5:$C$1504,$B29,Transactions!$F$5:$F$1504,12,Transactions!$G$5:$G$1504,Start!$C$6)) | P29: =IF($B29="","",SUM(D29:O29)) | Q29: =IF($B29="","",P29/MAX(1,Lists!$D$1))
B30: =IF(Budget!$A$14="","",Budget!$A$14) | C30: =IF(Budget!$B$14="","",Budget!$B$14) | D30: =IF($B30="","",SUMIFS(Transactions!$D$5:$D$1504,Transactions!$C$5:$C$1504,$B30,Transactions!$F$5:$F$1504,1,Transactions!$G$5:$G$1504,Start!$C$6)) | E30: =IF($B30="","",SUMIFS(Transactions!$D$5:$D$1504,Transactions!$C$5:$C$1504,$B30,Transactions!$F$5:$F$1504,2,Transactions!$G$5:$G$1504,Start!$C$6)) | F30: =IF($B30="","",SUMIFS(Transactions!$D$5:$D$1504,Transactions!$C$5:$C$1504,$B30,Transactions!$F$5:$F$1504,3,Transactions!$G$5:$G$1504,Start!$C$6)) | G30: =IF($B30="","",SUMIFS(Transactions!$D$5:$D$1504,Transactions!$C$5:$C$1504,$B30,Transactions!$F$5:$F$1504,4,Transactions!$G$5:$G$1504,Start!$C$6)) | H30: =IF($B30="","",SUMIFS(Transactions!$D$5:$D$1504,Transactions!$C$5:$C$1504,$B30,Transactions!$F$5:$F$1504,5,Transactions!$G$5:$G$1504,Start!$C$6)) | I30: =IF($B30="","",SUMIFS(Transactions!$D$5:$D$1504,Transactions!$C$5:$C$1504,$B30,Transactions!$F$5:$F$1504,6,Transactions!$G$5:$G$1504,Start!$C$6)) | J30: =IF($B30="","",SUMIFS(Transactions!$D$5:$D$1504,Transactions!$C$5:$C$1504,$B30,Transactions!$F$5:$F$1504,7,Transactions!$G$5:$G$1504,Start!$C$6)) | K30: =IF($B30="","",SUMIFS(Transactions!$D$5:$D$1504,Transactions!$C$5:$C$1504,$B30,Transactions!$F$5:$F$1504,8,Transactions!$G$5:$G$1504,Start!$C$6)) | L30: =IF($B30="","",SUMIFS(Transactions!$D$5:$D$1504,Transactions!$C$5:$C$1504,$B30,Transactions!$F$5:$F$1504,9,Transactions!$G$5:$G$1504,Start!$C$6)) | M30: =IF($B30="","",SUMIFS(Transactions!$D$5:$D$1504,Transactions!$C$5:$C$1504,$B30,Transactions!$F$5:$F$1504,10,Transactions!$G$5:$G$1504,Start!$C$6)) | N30: =IF($B30="","",SUMIFS(Transactions!$D$5:$D$1504,Transactions!$C$5:$C$1504,$B30,Transactions!$F$5:$F$1504,11,Transactions!$G$5:$G$1504,Start!$C$6)) | O30: =IF($B30="","",SUMIFS(Transactions!$D$5:$D$1504,Transactions!$C$5:$C$1504,$B30,Transactions!$F$5:$F$1504,12,Transactions!$G$5:$G$1504,Start!$C$6)) | P30: =IF($B30="","",SUM(D30:O30)) | Q30: =IF($B30="","",P30/MAX(1,Lists!$D$1))
B31: =IF(Budget!$A$15="","",Budget!$A$15) | C31: =IF(Budget!$B$15="","",Budget!$B$15) | D31: =IF($B31="","",SUMIFS(Transactions!$D$5:$D$1504,Transactions!$C$5:$C$1504,$B31,Transactions!$F$5:$F$1504,1,Transactions!$G$5:$G$1504,Start!$C$6)) | E31: =IF($B31="","",SUMIFS(Transactions!$D$5:$D$1504,Transactions!$C$5:$C$1504,$B31,Transactions!$F$5:$F$1504,2,Transactions!$G$5:$G$1504,Start!$C$6)) | F31: =IF($B31="","",SUMIFS(Transactions!$D$5:$D$1504,Transactions!$C$5:$C$1504,$B31,Transactions!$F$5:$F$1504,3,Transactions!$G$5:$G$1504,Start!$C$6)) | G31: =IF($B31="","",SUMIFS(Transactions!$D$5:$D$1504,Transactions!$C$5:$C$1504,$B31,Transactions!$F$5:$F$1504,4,Transactions!$G$5:$G$1504,Start!$C$6)) | H31: =IF($B31="","",SUMIFS(Transactions!$D$5:$D$1504,Transactions!$C$5:$C$1504,$B31,Transactions!$F$5:$F$1504,5,Transactions!$G$5:$G$1504,Start!$C$6)) | I31: =IF($B31="","",SUMIFS(Transactions!$D$5:$D$1504,Transactions!$C$5:$C$1504,$B31,Transactions!$F$5:$F$1504,6,Transactions!$G$5:$G$1504,Start!$C$6)) | J31: =IF($B31="","",SUMIFS(Transactions!$D$5:$D$1504,Transactions!$C$5:$C$1504,$B31,Transactions!$F$5:$F$1504,7,Transactions!$G$5:$G$1504,Start!$C$6)) | K31: =IF($B31="","",SUMIFS(Transactions!$D$5:$D$1504,Transactions!$C$5:$C$1504,$B31,Transactions!$F$5:$F$1504,8,Transactions!$G$5:$G$1504,Start!$C$6)) | L31: =IF($B31="","",SUMIFS(Transactions!$D$5:$D$1504,Transactions!$C$5:$C$1504,$B31,Transactions!$F$5:$F$1504,9,Transactions!$G$5:$G$1504,Start!$C$6)) | M31: =IF($B31="","",SUMIFS(Transactions!$D$5:$D$1504,Transactions!$C$5:$C$1504,$B31,Transactions!$F$5:$F$1504,10,Transactions!$G$5:$G$1504,Start!$C$6)) | N31: =IF($B31="","",SUMIFS(Transactions!$D$5:$D$1504,Transactions!$C$5:$C$1504,$B31,Transactions!$F$5:$F$1504,11,Transactions!$G$5:$G$1504,Start!$C$6)) | O31: =IF($B31="","",SUMIFS(Transactions!$D$5:$D$1504,Transactions!$C$5:$C$1504,$B31,Transactions!$F$5:$F$1504,12,Transactions!$G$5:$G$1504,Start!$C$6)) | P31: =IF($B31="","",SUM(D31:O31)) | Q31: =IF($B31="","",P31/MAX(1,Lists!$D$1))
B32: =IF(Budget!$A$16="","",Budget!$A$16) | C32: =IF(Budget!$B$16="","",Budget!$B$16) | D32: =IF($B32="","",SUMIFS(Transactions!$D$5:$D$1504,Transactions!$C$5:$C$1504,$B32,Transactions!$F$5:$F$1504,1,Transactions!$G$5:$G$1504,Start!$C$6)) | E32: =IF($B32="","",SUMIFS(Transactions!$D$5:$D$1504,Transactions!$C$5:$C$1504,$B32,Transactions!$F$5:$F$1504,2,Transactions!$G$5:$G$1504,Start!$C$6)) | F32: =IF($B32="","",SUMIFS(Transactions!$D$5:$D$1504,Transactions!$C$5:$C$1504,$B32,Transactions!$F$5:$F$1504,3,Transactions!$G$5:$G$1504,Start!$C$6)) | G32: =IF($B32="","",SUMIFS(Transactions!$D$5:$D$1504,Transactions!$C$5:$C$1504,$B32,Transactions!$F$5:$F$1504,4,Transactions!$G$5:$G$1504,Start!$C$6)) | H32: =IF($B32="","",SUMIFS(Transactions!$D$5:$D$1504,Transactions!$C$5:$C$1504,$B32,Transactions!$F$5:$F$1504,5,Transactions!$G$5:$G$1504,Start!$C$6)) | I32: =IF($B32="","",SUMIFS(Transactions!$D$5:$D$1504,Transactions!$C$5:$C$1504,$B32,Transactions!$F$5:$F$1504,6,Transactions!$G$5:$G$1504,Start!$C$6)) | J32: =IF($B32="","",SUMIFS(Transactions!$D$5:$D$1504,Transactions!$C$5:$C$1504,$B32,Transactions!$F$5:$F$1504,7,Transactions!$G$5:$G$1504,Start!$C$6)) | K32: =IF($B32="","",SUMIFS(Transactions!$D$5:$D$1504,Transactions!$C$5:$C$1504,$B32,Transactions!$F$5:$F$1504,8,Transactions!$G$5:$G$1504,Start!$C$6)) | L32: =IF($B32="","",SUMIFS(Transactions!$D$5:$D$1504,Transactions!$C$5:$C$1504,$B32,Transactions!$F$5:$F$1504,9,Transactions!$G$5:$G$1504,Start!$C$6)) | M32: =IF($B32="","",SUMIFS(Transactions!$D$5:$D$1504,Transactions!$C$5:$C$1504,$B32,Transactions!$F$5:$F$1504,10,Transactions!$G$5:$G$1504,Start!$C$6)) | N32: =IF($B32="","",SUMIFS(Transactions!$D$5:$D$1504,Transactions!$C$5:$C$1504,$B32,Transactions!$F$5:$F$1504,11,Transactions!$G$5:$G$1504,Start!$C$6)) | O32: =IF($B32="","",SUMIFS(Transactions!$D$5:$D$1504,Transactions!$C$5:$C$1504,$B32,Transactions!$F$5:$F$1504,12,Transactions!$G$5:$G$1504,Start!$C$6)) | P32: =IF($B32="","",SUM(D32:O32)) | Q32: =IF($B32="","",P32/MAX(1,Lists!$D$1))
B33: =IF(Budget!$A$17="","",Budget!$A$17) | C33: =IF(Budget!$B$17="","",Budget!$B$17) | D33: =IF($B33="","",SUMIFS(Transactions!$D$5:$D$1504,Transactions!$C$5:$C$1504,$B33,Transactions!$F$5:$F$1504,1,Transactions!$G$5:$G$1504,Start!$C$6)) | E33: =IF($B33="","",SUMIFS(Transactions!$D$5:$D$1504,Transactions!$C$5:$C$1504,$B33,Transactions!$F$5:$F$1504,2,Transactions!$G$5:$G$1504,Start!$C$6)) | F33: =IF($B33="","",SUMIFS(Transactions!$D$5:$D$1504,Transactions!$C$5:$C$1504,$B33,Transactions!$F$5:$F$1504,3,Transactions!$G$5:$G$1504,Start!$C$6)) | G33: =IF($B33="","",SUMIFS(Transactions!$D$5:$D$1504,Transactions!$C$5:$C$1504,$B33,Transactions!$F$5:$F$1504,4,Transactions!$G$5:$G$1504,Start!$C$6)) | H33: =IF($B33="","",SUMIFS(Transactions!$D$5:$D$1504,Transactions!$C$5:$C$1504,$B33,Transactions!$F$5:$F$1504,5,Transactions!$G$5:$G$1504,Start!$C$6)) | I33: =IF($B33="","",SUMIFS(Transactions!$D$5:$D$1504,Transactions!$C$5:$C$1504,$B33,Transactions!$F$5:$F$1504,6,Transactions!$G$5:$G$1504,Start!$C$6)) | J33: =IF($B33="","",SUMIFS(Transactions!$D$5:$D$1504,Transactions!$C$5:$C$1504,$B33,Transactions!$F$5:$F$1504,7,Transactions!$G$5:$G$1504,Start!$C$6)) | K33: =IF($B33="","",SUMIFS(Transactions!$D$5:$D$1504,Transactions!$C$5:$C$1504,$B33,Transactions!$F$5:$F$1504,8,Transactions!$G$5:$G$1504,Start!$C$6)) | L33: =IF($B33="","",SUMIFS(Transactions!$D$5:$D$1504,Transactions!$C$5:$C$1504,$B33,Transactions!$F$5:$F$1504,9,Transactions!$G$5:$G$1504,Start!$C$6)) | M33: =IF($B33="","",SUMIFS(Transactions!$D$5:$D$1504,Transactions!$C$5:$C$1504,$B33,Transactions!$F$5:$F$1504,10,Transactions!$G$5:$G$1504,Start!$C$6)) | N33: =IF($B33="","",SUMIFS(Transactions!$D$5:$D$1504,Transactions!$C$5:$C$1504,$B33,Transactions!$F$5:$F$1504,11,Transactions!$G$5:$G$1504,Start!$C$6)) | O33: =IF($B33="","",SUMIFS(Transactions!$D$5:$D$1504,Transactions!$C$5:$C$1504,$B33,Transactions!$F$5:$F$1504,12,Transactions!$G$5:$G$1504,Start!$C$6)) | P33: =IF($B33="","",SUM(D33:O33)) | Q33: =IF($B33="","",P33/MAX(1,Lists!$D$1))
B34: =IF(Budget!$A$18="","",Budget!$A$18) | C34: =IF(Budget!$B$18="","",Budget!$B$18) | D34: =IF($B34="","",SUMIFS(Transactions!$D$5:$D$1504,Transactions!$C$5:$C$1504,$B34,Transactions!$F$5:$F$1504,1,Transactions!$G$5:$G$1504,Start!$C$6)) | E34: =IF($B34="","",SUMIFS(Transactions!$D$5:$D$1504,Transactions!$C$5:$C$1504,$B34,Transactions!$F$5:$F$1504,2,Transactions!$G$5:$G$1504,Start!$C$6)) | F34: =IF($B34="","",SUMIFS(Transactions!$D$5:$D$1504,Transactions!$C$5:$C$1504,$B34,Transactions!$F$5:$F$1504,3,Transactions!$G$5:$G$1504,Start!$C$6)) | G34: =IF($B34="","",SUMIFS(Transactions!$D$5:$D$1504,Transactions!$C$5:$C$1504,$B34,Transactions!$F$5:$F$1504,4,Transactions!$G$5:$G$1504,Start!$C$6)) | H34: =IF($B34="","",SUMIFS(Transactions!$D$5:$D$1504,Transactions!$C$5:$C$1504,$B34,Transactions!$F$5:$F$1504,5,Transactions!$G$5:$G$1504,Start!$C$6)) | I34: =IF($B34="","",SUMIFS(Transactions!$D$5:$D$1504,Transactions!$C$5:$C$1504,$B34,Transactions!$F$5:$F$1504,6,Transactions!$G$5:$G$1504,Start!$C$6)) | J34: =IF($B34="","",SUMIFS(Transactions!$D$5:$D$1504,Transactions!$C$5:$C$1504,$B34,Transactions!$F$5:$F$1504,7,Transactions!$G$5:$G$1504,Start!$C$6)) | K34: =IF($B34="","",SUMIFS(Transactions!$D$5:$D$1504,Transactions!$C$5:$C$1504,$B34,Transactions!$F$5:$F$1504,8,Transactions!$G$5:$G$1504,Start!$C$6)) | L34: =IF($B34="","",SUMIFS(Transactions!$D$5:$D$1504,Transactions!$C$5:$C$1504,$B34,Transactions!$F$5:$F$1504,9,Transactions!$G$5:$G$1504,Start!$C$6)) | M34: =IF($B34="","",SUMIFS(Transactions!$D$5:$D$1504,Transactions!$C$5:$C$1504,$B34,Transactions!$F$5:$F$1504,10,Transactions!$G$5:$G$1504,Start!$C$6)) | N34: =IF($B34="","",SUMIFS(Transactions!$D$5:$D$1504,Transactions!$C$5:$C$1504,$B34,Transactions!$F$5:$F$1504,11,Transactions!$G$5:$G$1504,Start!$C$6)) | O34: =IF($B34="","",SUMIFS(Transactions!$D$5:$D$1504,Transactions!$C$5:$C$1504,$B34,Transactions!$F$5:$F$1504,12,Transactions!$G$5:$G$1504,Start!$C$6)) | P34: =IF($B34="","",SUM(D34:O34)) | Q34: =IF($B34="","",P34/MAX(1,Lists!$D$1))
B35: =IF(Budget!$A$19="","",Budget!$A$19) | C35: =IF(Budget!$B$19="","",Budget!$B$19) | D35: =IF($B35="","",SUMIFS(Transactions!$D$5:$D$1504,Transactions!$C$5:$C$1504,$B35,Transactions!$F$5:$F$1504,1,Transactions!$G$5:$G$1504,Start!$C$6)) | E35: =IF($B35="","",SUMIFS(Transactions!$D$5:$D$1504,Transactions!$C$5:$C$1504,$B35,Transactions!$F$5:$F$1504,2,Transactions!$G$5:$G$1504,Start!$C$6)) | F35: =IF($B35="","",SUMIFS(Transactions!$D$5:$D$1504,Transactions!$C$5:$C$1504,$B35,Transactions!$F$5:$F$1504,3,Transactions!$G$5:$G$1504,Start!$C$6)) | G35: =IF($B35="","",SUMIFS(Transactions!$D$5:$D$1504,Transactions!$C$5:$C$1504,$B35,Transactions!$F$5:$F$1504,4,Transactions!$G$5:$G$1504,Start!$C$6)) | H35: =IF($B35="","",SUMIFS(Transactions!$D$5:$D$1504,Transactions!$C$5:$C$1504,$B35,Transactions!$F$5:$F$1504,5,Transactions!$G$5:$G$1504,Start!$C$6)) | I35: =IF($B35="","",SUMIFS(Transactions!$D$5:$D$1504,Transactions!$C$5:$C$1504,$B35,Transactions!$F$5:$F$1504,6,Transactions!$G$5:$G$1504,Start!$C$6)) | J35: =IF($B35="","",SUMIFS(Transactions!$D$5:$D$1504,Transactions!$C$5:$C$1504,$B35,Transactions!$F$5:$F$1504,7,Transactions!$G$5:$G$1504,Start!$C$6)) | K35: =IF($B35="","",SUMIFS(Transactions!$D$5:$D$1504,Transactions!$C$5:$C$1504,$B35,Transactions!$F$5:$F$1504,8,Transactions!$G$5:$G$1504,Start!$C$6)) | L35: =IF($B35="","",SUMIFS(Transactions!$D$5:$D$1504,Transactions!$C$5:$C$1504,$B35,Transactions!$F$5:$F$1504,9,Transactions!$G$5:$G$1504,Start!$C$6)) | M35: =IF($B35="","",SUMIFS(Transactions!$D$5:$D$1504,Transactions!$C$5:$C$1504,$B35,Transactions!$F$5:$F$1504,10,Transactions!$G$5:$G$1504,Start!$C$6)) | N35: =IF($B35="","",SUMIFS(Transactions!$D$5:$D$1504,Transactions!$C$5:$C$1504,$B35,Transactions!$F$5:$F$1504,11,Transactions!$G$5:$G$1504,Start!$C$6)) | O35: =IF($B35="","",SUMIFS(Transactions!$D$5:$D$1504,Transactions!$C$5:$C$1504,$B35,Transactions!$F$5:$F$1504,12,Transactions!$G$5:$G$1504,Start!$C$6)) | P35: =IF($B35="","",SUM(D35:O35)) | Q35: =IF($B35="","",P35/MAX(1,Lists!$D$1))
B36: =IF(Budget!$A$20="","",Budget!$A$20) | C36: =IF(Budget!$B$20="","",Budget!$B$20) | D36: =IF($B36="","",SUMIFS(Transactions!$D$5:$D$1504,Transactions!$C$5:$C$1504,$B36,Transactions!$F$5:$F$1504,1,Transactions!$G$5:$G$1504,Start!$C$6)) | E36: =IF($B36="","",SUMIFS(Transactions!$D$5:$D$1504,Transactions!$C$5:$C$1504,$B36,Transactions!$F$5:$F$1504,2,Transactions!$G$5:$G$1504,Start!$C$6)) | F36: =IF($B36="","",SUMIFS(Transactions!$D$5:$D$1504,Transactions!$C$5:$C$1504,$B36,Transactions!$F$5:$F$1504,3,Transactions!$G$5:$G$1504,Start!$C$6)) | G36: =IF($B36="","",SUMIFS(Transactions!$D$5:$D$1504,Transactions!$C$5:$C$1504,$B36,Transactions!$F$5:$F$1504,4,Transactions!$G$5:$G$1504,Start!$C$6)) | H36: =IF($B36="","",SUMIFS(Transactions!$D$5:$D$1504,Transactions!$C$5:$C$1504,$B36,Transactions!$F$5:$F$1504,5,Transactions!$G$5:$G$1504,Start!$C$6)) | I36: =IF($B36="","",SUMIFS(Transactions!$D$5:$D$1504,Transactions!$C$5:$C$1504,$B36,Transactions!$F$5:$F$1504,6,Transactions!$G$5:$G$1504,Start!$C$6)) | J36: =IF($B36="","",SUMIFS(Transactions!$D$5:$D$1504,Transactions!$C$5:$C$1504,$B36,Transactions!$F$5:$F$1504,7,Transactions!$G$5:$G$1504,Start!$C$6)) | K36: =IF($B36="","",SUMIFS(Transactions!$D$5:$D$1504,Transactions!$C$5:$C$1504,$B36,Transactions!$F$5:$F$1504,8,Transactions!$G$5:$G$1504,Start!$C$6)) | L36: =IF($B36="","",SUMIFS(Transactions!$D$5:$D$1504,Transactions!$C$5:$C$1504,$B36,Transactions!$F$5:$F$1504,9,Transactions!$G$5:$G$1504,Start!$C$6)) | M36: =IF($B36="","",SUMIFS(Transactions!$D$5:$D$1504,Transactions!$C$5:$C$1504,$B36,Transactions!$F$5:$F$1504,10,Transactions!$G$5:$G$1504,Start!$C$6)) | N36: =IF($B36="","",SUMIFS(Transactions!$D$5:$D$1504,Transactions!$C$5:$C$1504,$B36,Transactions!$F$5:$F$1504,11,Transactions!$G$5:$G$1504,Start!$C$6)) | O36: =IF($B36="","",SUMIFS(Transactions!$D$5:$D$1504,Transactions!$C$5:$C$1504,$B36,Transactions!$F$5:$F$1504,12,Transactions!$G$5:$G$1504,Start!$C$6)) | P36: =IF($B36="","",SUM(D36:O36)) | Q36: =IF($B36="","",P36/MAX(1,Lists!$D$1))
B37: =IF(Budget!$A$21="","",Budget!$A$21) | C37: =IF(Budget!$B$21="","",Budget!$B$21) | D37: =IF($B37="","",SUMIFS(Transactions!$D$5:$D$1504,Transactions!$C$5:$C$1504,$B37,Transactions!$F$5:$F$1504,1,Transactions!$G$5:$G$1504,Start!$C$6)) | E37: =IF($B37="","",SUMIFS(Transactions!$D$5:$D$1504,Transactions!$C$5:$C$1504,$B37,Transactions!$F$5:$F$1504,2,Transactions!$G$5:$G$1504,Start!$C$6)) | F37: =IF($B37="","",SUMIFS(Transactions!$D$5:$D$1504,Transactions!$C$5:$C$1504,$B37,Transactions!$F$5:$F$1504,3,Transactions!$G$5:$G$1504,Start!$C$6)) | G37: =IF($B37="","",SUMIFS(Transactions!$D$5:$D$1504,Transactions!$C$5:$C$1504,$B37,Transactions!$F$5:$F$1504,4,Transactions!$G$5:$G$1504,Start!$C$6)) | H37: =IF($B37="","",SUMIFS(Transactions!$D$5:$D$1504,Transactions!$C$5:$C$1504,$B37,Transactions!$F$5:$F$1504,5,Transactions!$G$5:$G$1504,Start!$C$6)) | I37: =IF($B37="","",SUMIFS(Transactions!$D$5:$D$1504,Transactions!$C$5:$C$1504,$B37,Transactions!$F$5:$F$1504,6,Transactions!$G$5:$G$1504,Start!$C$6)) | J37: =IF($B37="","",SUMIFS(Transactions!$D$5:$D$1504,Transactions!$C$5:$C$1504,$B37,Transactions!$F$5:$F$1504,7,Transactions!$G$5:$G$1504,Start!$C$6)) | K37: =IF($B37="","",SUMIFS(Transactions!$D$5:$D$1504,Transactions!$C$5:$C$1504,$B37,Transactions!$F$5:$F$1504,8,Transactions!$G$5:$G$1504,Start!$C$6)) | L37: =IF($B37="","",SUMIFS(Transactions!$D$5:$D$1504,Transactions!$C$5:$C$1504,$B37,Transactions!$F$5:$F$1504,9,Transactions!$G$5:$G$1504,Start!$C$6)) | M37: =IF($B37="","",SUMIFS(Transactions!$D$5:$D$1504,Transactions!$C$5:$C$1504,$B37,Transactions!$F$5:$F$1504,10,Transactions!$G$5:$G$1504,Start!$C$6)) | N37: =IF($B37="","",SUMIFS(Transactions!$D$5:$D$1504,Transactions!$C$5:$C$1504,$B37,Transactions!$F$5:$F$1504,11,Transactions!$G$5:$G$1504,Start!$C$6)) | O37: =IF($B37="","",SUMIFS(Transactions!$D$5:$D$1504,Transactions!$C$5:$C$1504,$B37,Transactions!$F$5:$F$1504,12,Transactions!$G$5:$G$1504,Start!$C$6)) | P37: =IF($B37="","",SUM(D37:O37)) | Q37: =IF($B37="","",P37/MAX(1,Lists!$D$1))
B38: =IF(Budget!$A$22="","",Budget!$A$22) | C38: =IF(Budget!$B$22="","",Budget!$B$22) | D38: =IF($B38="","",SUMIFS(Transactions!$D$5:$D$1504,Transactions!$C$5:$C$1504,$B38,Transactions!$F$5:$F$1504,1,Transactions!$G$5:$G$1504,Start!$C$6)) | E38: =IF($B38="","",SUMIFS(Transactions!$D$5:$D$1504,Transactions!$C$5:$C$1504,$B38,Transactions!$F$5:$F$1504,2,Transactions!$G$5:$G$1504,Start!$C$6)) | F38: =IF($B38="","",SUMIFS(Transactions!$D$5:$D$1504,Transactions!$C$5:$C$1504,$B38,Transactions!$F$5:$F$1504,3,Transactions!$G$5:$G$1504,Start!$C$6)) | G38: =IF($B38="","",SUMIFS(Transactions!$D$5:$D$1504,Transactions!$C$5:$C$1504,$B38,Transactions!$F$5:$F$1504,4,Transactions!$G$5:$G$1504,Start!$C$6)) | H38: =IF($B38="","",SUMIFS(Transactions!$D$5:$D$1504,Transactions!$C$5:$C$1504,$B38,Transactions!$F$5:$F$1504,5,Transactions!$G$5:$G$1504,Start!$C$6)) | I38: =IF($B38="","",SUMIFS(Transactions!$D$5:$D$1504,Transactions!$C$5:$C$1504,$B38,Transactions!$F$5:$F$1504,6,Transactions!$G$5:$G$1504,Start!$C$6)) | J38: =IF($B38="","",SUMIFS(Transactions!$D$5:$D$1504,Transactions!$C$5:$C$1504,$B38,Transactions!$F$5:$F$1504,7,Transactions!$G$5:$G$1504,Start!$C$6)) | K38: =IF($B38="","",SUMIFS(Transactions!$D$5:$D$1504,Transactions!$C$5:$C$1504,$B38,Transactions!$F$5:$F$1504,8,Transactions!$G$5:$G$1504,Start!$C$6)) | L38: =IF($B38="","",SUMIFS(Transactions!$D$5:$D$1504,Transactions!$C$5:$C$1504,$B38,Transactions!$F$5:$F$1504,9,Transactions!$G$5:$G$1504,Start!$C$6)) | M38: =IF($B38="","",SUMIFS(Transactions!$D$5:$D$1504,Transactions!$C$5:$C$1504,$B38,Transactions!$F$5:$F$1504,10,Transactions!$G$5:$G$1504,Start!$C$6)) | N38: =IF($B38="","",SUMIFS(Transactions!$D$5:$D$1504,Transactions!$C$5:$C$1504,$B38,Transactions!$F$5:$F$1504,11,Transactions!$G$5:$G$1504,Start!$C$6)) | O38: =IF($B38="","",SUMIFS(Transactions!$D$5:$D$1504,Transactions!$C$5:$C$1504,$B38,Transactions!$F$5:$F$1504,12,Transactions!$G$5:$G$1504,Start!$C$6)) | P38: =IF($B38="","",SUM(D38:O38)) | Q38: =IF($B38="","",P38/MAX(1,Lists!$D$1))
B39: =IF(Budget!$A$23="","",Budget!$A$23) | C39: =IF(Budget!$B$23="","",Budget!$B$23) | D39: =IF($B39="","",SUMIFS(Transactions!$D$5:$D$1504,Transactions!$C$5:$C$1504,$B39,Transactions!$F$5:$F$1504,1,Transactions!$G$5:$G$1504,Start!$C$6)) | E39: =IF($B39="","",SUMIFS(Transactions!$D$5:$D$1504,Transactions!$C$5:$C$1504,$B39,Transactions!$F$5:$F$1504,2,Transactions!$G$5:$G$1504,Start!$C$6)) | F39: =IF($B39="","",SUMIFS(Transactions!$D$5:$D$1504,Transactions!$C$5:$C$1504,$B39,Transactions!$F$5:$F$1504,3,Transactions!$G$5:$G$1504,Start!$C$6)) | G39: =IF($B39="","",SUMIFS(Transactions!$D$5:$D$1504,Transactions!$C$5:$C$1504,$B39,Transactions!$F$5:$F$1504,4,Transactions!$G$5:$G$1504,Start!$C$6)) | H39: =IF($B39="","",SUMIFS(Transactions!$D$5:$D$1504,Transactions!$C$5:$C$1504,$B39,Transactions!$F$5:$F$1504,5,Transactions!$G$5:$G$1504,Start!$C$6)) | I39: =IF($B39="","",SUMIFS(Transactions!$D$5:$D$1504,Transactions!$C$5:$C$1504,$B39,Transactions!$F$5:$F$1504,6,Transactions!$G$5:$G$1504,Start!$C$6)) | J39: =IF($B39="","",SUMIFS(Transactions!$D$5:$D$1504,Transactions!$C$5:$C$1504,$B39,Transactions!$F$5:$F$1504,7,Transactions!$G$5:$G$1504,Start!$C$6)) | K39: =IF($B39="","",SUMIFS(Transactions!$D$5:$D$1504,Transactions!$C$5:$C$1504,$B39,Transactions!$F$5:$F$1504,8,Transactions!$G$5:$G$1504,Start!$C$6)) | L39: =IF($B39="","",SUMIFS(Transactions!$D$5:$D$1504,Transactions!$C$5:$C$1504,$B39,Transactions!$F$5:$F$1504,9,Transactions!$G$5:$G$1504,Start!$C$6)) | M39: =IF($B39="","",SUMIFS(Transactions!$D$5:$D$1504,Transactions!$C$5:$C$1504,$B39,Transactions!$F$5:$F$1504,10,Transactions!$G$5:$G$1504,Start!$C$6)) | N39: =IF($B39="","",SUMIFS(Transactions!$D$5:$D$1504,Transactions!$C$5:$C$1504,$B39,Transactions!$F$5:$F$1504,11,Transactions!$G$5:$G$1504,Start!$C$6)) | O39: =IF($B39="","",SUMIFS(Transactions!$D$5:$D$1504,Transactions!$C$5:$C$1504,$B39,Transactions!$F$5:$F$1504,12,Transactions!$G$5:$G$1504,Start!$C$6)) | P39: =IF($B39="","",SUM(D39:O39)) | Q39: =IF($B39="","",P39/MAX(1,Lists!$D$1))
B40: =IF(Budget!$A$24="","",Budget!$A$24) | C40: =IF(Budget!$B$24="","",Budget!$B$24) | D40: =IF($B40="","",SUMIFS(Transactions!$D$5:$D$1504,Transactions!$C$5:$C$1504,$B40,Transactions!$F$5:$F$1504,1,Transactions!$G$5:$G$1504,Start!$C$6)) | E40: =IF($B40="","",SUMIFS(Transactions!$D$5:$D$1504,Transactions!$C$5:$C$1504,$B40,Transactions!$F$5:$F$1504,2,Transactions!$G$5:$G$1504,Start!$C$6)) | F40: =IF($B40="","",SUMIFS(Transactions!$D$5:$D$1504,Transactions!$C$5:$C$1504,$B40,Transactions!$F$5:$F$1504,3,Transactions!$G$5:$G$1504,Start!$C$6)) | G40: =IF($B40="","",SUMIFS(Transactions!$D$5:$D$1504,Transactions!$C$5:$C$1504,$B40,Transactions!$F$5:$F$1504,4,Transactions!$G$5:$G$1504,Start!$C$6)) | H40: =IF($B40="","",SUMIFS(Transactions!$D$5:$D$1504,Transactions!$C$5:$C$1504,$B40,Transactions!$F$5:$F$1504,5,Transactions!$G$5:$G$1504,Start!$C$6)) | I40: =IF($B40="","",SUMIFS(Transactions!$D$5:$D$1504,Transactions!$C$5:$C$1504,$B40,Transactions!$F$5:$F$1504,6,Transactions!$G$5:$G$1504,Start!$C$6)) | J40: =IF($B40="","",SUMIFS(Transactions!$D$5:$D$1504,Transactions!$C$5:$C$1504,$B40,Transactions!$F$5:$F$1504,7,Transactions!$G$5:$G$1504,Start!$C$6)) | K40: =IF($B40="","",SUMIFS(Transactions!$D$5:$D$1504,Transactions!$C$5:$C$1504,$B40,Transactions!$F$5:$F$1504,8,Transactions!$G$5:$G$1504,Start!$C$6)) | L40: =IF($B40="","",SUMIFS(Transactions!$D$5:$D$1504,Transactions!$C$5:$C$1504,$B40,Transactions!$F$5:$F$1504,9,Transactions!$G$5:$G$1504,Start!$C$6)) | M40: =IF($B40="","",SUMIFS(Transactions!$D$5:$D$1504,Transactions!$C$5:$C$1504,$B40,Transactions!$F$5:$F$1504,10,Transactions!$G$5:$G$1504,Start!$C$6)) | N40: =IF($B40="","",SUMIFS(Transactions!$D$5:$D$1504,Transactions!$C$5:$C$1504,$B40,Transactions!$F$5:$F$1504,11,Transactions!$G$5:$G$1504,Start!$C$6)) | O40: =IF($B40="","",SUMIFS(Transactions!$D$5:$D$1504,Transactions!$C$5:$C$1504,$B40,Transactions!$F$5:$F$1504,12,Transactions!$G$5:$G$1504,Start!$C$6)) | P40: =IF($B40="","",SUM(D40:O40)) | Q40: =IF($B40="","",P40/MAX(1,Lists!$D$1))
B41: =IF(Budget!$A$25="","",Budget!$A$25) | C41: =IF(Budget!$B$25="","",Budget!$B$25) | D41: =IF($B41="","",SUMIFS(Transactions!$D$5:$D$1504,Transactions!$C$5:$C$1504,$B41,Transactions!$F$5:$F$1504,1,Transactions!$G$5:$G$1504,Start!$C$6)) | E41: =IF($B41="","",SUMIFS(Transactions!$D$5:$D$1504,Transactions!$C$5:$C$1504,$B41,Transactions!$F$5:$F$1504,2,Transactions!$G$5:$G$1504,Start!$C$6)) | F41: =IF($B41="","",SUMIFS(Transactions!$D$5:$D$1504,Transactions!$C$5:$C$1504,$B41,Transactions!$F$5:$F$1504,3,Transactions!$G$5:$G$1504,Start!$C$6)) | G41: =IF($B41="","",SUMIFS(Transactions!$D$5:$D$1504,Transactions!$C$5:$C$1504,$B41,Transactions!$F$5:$F$1504,4,Transactions!$G$5:$G$1504,Start!$C$6)) | H41: =IF($B41="","",SUMIFS(Transactions!$D$5:$D$1504,Transactions!$C$5:$C$1504,$B41,Transactions!$F$5:$F$1504,5,Transactions!$G$5:$G$1504,Start!$C$6)) | I41: =IF($B41="","",SUMIFS(Transactions!$D$5:$D$1504,Transactions!$C$5:$C$1504,$B41,Transactions!$F$5:$F$1504,6,Transactions!$G$5:$G$1504,Start!$C$6)) | J41: =IF($B41="","",SUMIFS(Transactions!$D$5:$D$1504,Transactions!$C$5:$C$1504,$B41,Transactions!$F$5:$F$1504,7,Transactions!$G$5:$G$1504,Start!$C$6)) | K41: =IF($B41="","",SUMIFS(Transactions!$D$5:$D$1504,Transactions!$C$5:$C$1504,$B41,Transactions!$F$5:$F$1504,8,Transactions!$G$5:$G$1504,Start!$C$6)) | L41: =IF($B41="","",SUMIFS(Transactions!$D$5:$D$1504,Transactions!$C$5:$C$1504,$B41,Transactions!$F$5:$F$1504,9,Transactions!$G$5:$G$1504,Start!$C$6)) | M41: =IF($B41="","",SUMIFS(Transactions!$D$5:$D$1504,Transactions!$C$5:$C$1504,$B41,Transactions!$F$5:$F$1504,10,Transactions!$G$5:$G$1504,Start!$C$6)) | N41: =IF($B41="","",SUMIFS(Transactions!$D$5:$D$1504,Transactions!$C$5:$C$1504,$B41,Transactions!$F$5:$F$1504,11,Transactions!$G$5:$G$1504,Start!$C$6)) | O41: =IF($B41="","",SUMIFS(Transactions!$D$5:$D$1504,Transactions!$C$5:$C$1504,$B41,Transactions!$F$5:$F$1504,12,Transactions!$G$5:$G$1504,Start!$C$6)) | P41: =IF($B41="","",SUM(D41:O41)) | Q41: =IF($B41="","",P41/MAX(1,Lists!$D$1))
B42: =IF(Budget!$A$26="","",Budget!$A$26) | C42: =IF(Budget!$B$26="","",Budget!$B$26) | D42: =IF($B42="","",SUMIFS(Transactions!$D$5:$D$1504,Transactions!$C$5:$C$1504,$B42,Transactions!$F$5:$F$1504,1,Transactions!$G$5:$G$1504,Start!$C$6)) | E42: =IF($B42="","",SUMIFS(Transactions!$D$5:$D$1504,Transactions!$C$5:$C$1504,$B42,Transactions!$F$5:$F$1504,2,Transactions!$G$5:$G$1504,Start!$C$6)) | F42: =IF($B42="","",SUMIFS(Transactions!$D$5:$D$1504,Transactions!$C$5:$C$1504,$B42,Transactions!$F$5:$F$1504,3,Transactions!$G$5:$G$1504,Start!$C$6)) | G42: =IF($B42="","",SUMIFS(Transactions!$D$5:$D$1504,Transactions!$C$5:$C$1504,$B42,Transactions!$F$5:$F$1504,4,Transactions!$G$5:$G$1504,Start!$C$6)) | H42: =IF($B42="","",SUMIFS(Transactions!$D$5:$D$1504,Transactions!$C$5:$C$1504,$B42,Transactions!$F$5:$F$1504,5,Transactions!$G$5:$G$1504,Start!$C$6)) | I42: =IF($B42="","",SUMIFS(Transactions!$D$5:$D$1504,Transactions!$C$5:$C$1504,$B42,Transactions!$F$5:$F$1504,6,Transactions!$G$5:$G$1504,Start!$C$6)) | J42: =IF($B42="","",SUMIFS(Transactions!$D$5:$D$1504,Transactions!$C$5:$C$1504,$B42,Transactions!$F$5:$F$1504,7,Transactions!$G$5:$G$1504,Start!$C$6)) | K42: =IF($B42="","",SUMIFS(Transactions!$D$5:$D$1504,Transactions!$C$5:$C$1504,$B42,Transactions!$F$5:$F$1504,8,Transactions!$G$5:$G$1504,Start!$C$6)) | L42: =IF($B42="","",SUMIFS(Transactions!$D$5:$D$1504,Transactions!$C$5:$C$1504,$B42,Transactions!$F$5:$F$1504,9,Transactions!$G$5:$G$1504,Start!$C$6)) | M42: =IF($B42="","",SUMIFS(Transactions!$D$5:$D$1504,Transactions!$C$5:$C$1504,$B42,Transactions!$F$5:$F$1504,10,Transactions!$G$5:$G$1504,Start!$C$6)) | N42: =IF($B42="","",SUMIFS(Transactions!$D$5:$D$1504,Transactions!$C$5:$C$1504,$B42,Transactions!$F$5:$F$1504,11,Transactions!$G$5:$G$1504,Start!$C$6)) | O42: =IF($B42="","",SUMIFS(Transactions!$D$5:$D$1504,Transactions!$C$5:$C$1504,$B42,Transactions!$F$5:$F$1504,12,Transactions!$G$5:$G$1504,Start!$C$6)) | P42: =IF($B42="","",SUM(D42:O42)) | Q42: =IF($B42="","",P42/MAX(1,Lists!$D$1))
B43: =IF(Budget!$A$27="","",Budget!$A$27) | C43: =IF(Budget!$B$27="","",Budget!$B$27) | D43: =IF($B43="","",SUMIFS(Transactions!$D$5:$D$1504,Transactions!$C$5:$C$1504,$B43,Transactions!$F$5:$F$1504,1,Transactions!$G$5:$G$1504,Start!$C$6)) | E43: =IF($B43="","",SUMIFS(Transactions!$D$5:$D$1504,Transactions!$C$5:$C$1504,$B43,Transactions!$F$5:$F$1504,2,Transactions!$G$5:$G$1504,Start!$C$6)) | F43: =IF($B43="","",SUMIFS(Transactions!$D$5:$D$1504,Transactions!$C$5:$C$1504,$B43,Transactions!$F$5:$F$1504,3,Transactions!$G$5:$G$1504,Start!$C$6)) | G43: =IF($B43="","",SUMIFS(Transactions!$D$5:$D$1504,Transactions!$C$5:$C$1504,$B43,Transactions!$F$5:$F$1504,4,Transactions!$G$5:$G$1504,Start!$C$6)) | H43: =IF($B43="","",SUMIFS(Transactions!$D$5:$D$1504,Transactions!$C$5:$C$1504,$B43,Transactions!$F$5:$F$1504,5,Transactions!$G$5:$G$1504,Start!$C$6)) | I43: =IF($B43="","",SUMIFS(Transactions!$D$5:$D$1504,Transactions!$C$5:$C$1504,$B43,Transactions!$F$5:$F$1504,6,Transactions!$G$5:$G$1504,Start!$C$6)) | J43: =IF($B43="","",SUMIFS(Transactions!$D$5:$D$1504,Transactions!$C$5:$C$1504,$B43,Transactions!$F$5:$F$1504,7,Transactions!$G$5:$G$1504,Start!$C$6)) | K43: =IF($B43="","",SUMIFS(Transactions!$D$5:$D$1504,Transactions!$C$5:$C$1504,$B43,Transactions!$F$5:$F$1504,8,Transactions!$G$5:$G$1504,Start!$C$6)) | L43: =IF($B43="","",SUMIFS(Transactions!$D$5:$D$1504,Transactions!$C$5:$C$1504,$B43,Transactions!$F$5:$F$1504,9,Transactions!$G$5:$G$1504,Start!$C$6)) | M43: =IF($B43="","",SUMIFS(Transactions!$D$5:$D$1504,Transactions!$C$5:$C$1504,$B43,Transactions!$F$5:$F$1504,10,Transactions!$G$5:$G$1504,Start!$C$6)) | N43: =IF($B43="","",SUMIFS(Transactions!$D$5:$D$1504,Transactions!$C$5:$C$1504,$B43,Transactions!$F$5:$F$1504,11,Transactions!$G$5:$G$1504,Start!$C$6)) | O43: =IF($B43="","",SUMIFS(Transactions!$D$5:$D$1504,Transactions!$C$5:$C$1504,$B43,Transactions!$F$5:$F$1504,12,Transactions!$G$5:$G$1504,Start!$C$6)) | P43: =IF($B43="","",SUM(D43:O43)) | Q43: =IF($B43="","",P43/MAX(1,Lists!$D$1))
B44: =IF(Budget!$A$28="","",Budget!$A$28) | C44: =IF(Budget!$B$28="","",Budget!$B$28) | D44: =IF($B44="","",SUMIFS(Transactions!$D$5:$D$1504,Transactions!$C$5:$C$1504,$B44,Transactions!$F$5:$F$1504,1,Transactions!$G$5:$G$1504,Start!$C$6)) | E44: =IF($B44="","",SUMIFS(Transactions!$D$5:$D$1504,Transactions!$C$5:$C$1504,$B44,Transactions!$F$5:$F$1504,2,Transactions!$G$5:$G$1504,Start!$C$6)) | F44: =IF($B44="","",SUMIFS(Transactions!$D$5:$D$1504,Transactions!$C$5:$C$1504,$B44,Transactions!$F$5:$F$1504,3,Transactions!$G$5:$G$1504,Start!$C$6)) | G44: =IF($B44="","",SUMIFS(Transactions!$D$5:$D$1504,Transactions!$C$5:$C$1504,$B44,Transactions!$F$5:$F$1504,4,Transactions!$G$5:$G$1504,Start!$C$6)) | H44: =IF($B44="","",SUMIFS(Transactions!$D$5:$D$1504,Transactions!$C$5:$C$1504,$B44,Transactions!$F$5:$F$1504,5,Transactions!$G$5:$G$1504,Start!$C$6)) | I44: =IF($B44="","",SUMIFS(Transactions!$D$5:$D$1504,Transactions!$C$5:$C$1504,$B44,Transactions!$F$5:$F$1504,6,Transactions!$G$5:$G$1504,Start!$C$6)) | J44: =IF($B44="","",SUMIFS(Transactions!$D$5:$D$1504,Transactions!$C$5:$C$1504,$B44,Transactions!$F$5:$F$1504,7,Transactions!$G$5:$G$1504,Start!$C$6)) | K44: =IF($B44="","",SUMIFS(Transactions!$D$5:$D$1504,Transactions!$C$5:$C$1504,$B44,Transactions!$F$5:$F$1504,8,Transactions!$G$5:$G$1504,Start!$C$6)) | L44: =IF($B44="","",SUMIFS(Transactions!$D$5:$D$1504,Transactions!$C$5:$C$1504,$B44,Transactions!$F$5:$F$1504,9,Transactions!$G$5:$G$1504,Start!$C$6)) | M44: =IF($B44="","",SUMIFS(Transactions!$D$5:$D$1504,Transactions!$C$5:$C$1504,$B44,Transactions!$F$5:$F$1504,10,Transactions!$G$5:$G$1504,Start!$C$6)) | N44: =IF($B44="","",SUMIFS(Transactions!$D$5:$D$1504,Transactions!$C$5:$C$1504,$B44,Transactions!$F$5:$F$1504,11,Transactions!$G$5:$G$1504,Start!$C$6)) | O44: =IF($B44="","",SUMIFS(Transactions!$D$5:$D$1504,Transactions!$C$5:$C$1504,$B44,Transactions!$F$5:$F$1504,12,Transactions!$G$5:$G$1504,Start!$C$6)) | P44: =IF($B44="","",SUM(D44:O44)) | Q44: =IF($B44="","",P44/MAX(1,Lists!$D$1))
B45: =IF(Budget!$A$29="","",Budget!$A$29) | C45: =IF(Budget!$B$29="","",Budget!$B$29) | D45: =IF($B45="","",SUMIFS(Transactions!$D$5:$D$1504,Transactions!$C$5:$C$1504,$B45,Transactions!$F$5:$F$1504,1,Transactions!$G$5:$G$1504,Start!$C$6)) | E45: =IF($B45="","",SUMIFS(Transactions!$D$5:$D$1504,Transactions!$C$5:$C$1504,$B45,Transactions!$F$5:$F$1504,2,Transactions!$G$5:$G$1504,Start!$C$6)) | F45: =IF($B45="","",SUMIFS(Transactions!$D$5:$D$1504,Transactions!$C$5:$C$1504,$B45,Transactions!$F$5:$F$1504,3,Transactions!$G$5:$G$1504,Start!$C$6)) | G45: =IF($B45="","",SUMIFS(Transactions!$D$5:$D$1504,Transactions!$C$5:$C$1504,$B45,Transactions!$F$5:$F$1504,4,Transactions!$G$5:$G$1504,Start!$C$6)) | H45: =IF($B45="","",SUMIFS(Transactions!$D$5:$D$1504,Transactions!$C$5:$C$1504,$B45,Transactions!$F$5:$F$1504,5,Transactions!$G$5:$G$1504,Start!$C$6)) | I45: =IF($B45="","",SUMIFS(Transactions!$D$5:$D$1504,Transactions!$C$5:$C$1504,$B45,Transactions!$F$5:$F$1504,6,Transactions!$G$5:$G$1504,Start!$C$6)) | J45: =IF($B45="","",SUMIFS(Transactions!$D$5:$D$1504,Transactions!$C$5:$C$1504,$B45,Transactions!$F$5:$F$1504,7,Transactions!$G$5:$G$1504,Start!$C$6)) | K45: =IF($B45="","",SUMIFS(Transactions!$D$5:$D$1504,Transactions!$C$5:$C$1504,$B45,Transactions!$F$5:$F$1504,8,Transactions!$G$5:$G$1504,Start!$C$6)) | L45: =IF($B45="","",SUMIFS(Transactions!$D$5:$D$1504,Transactions!$C$5:$C$1504,$B45,Transactions!$F$5:$F$1504,9,Transactions!$G$5:$G$1504,Start!$C$6)) | M45: =IF($B45="","",SUMIFS(Transactions!$D$5:$D$1504,Transactions!$C$5:$C$1504,$B45,Transactions!$F$5:$F$1504,10,Transactions!$G$5:$G$1504,Start!$C$6)) | N45: =IF($B45="","",SUMIFS(Transactions!$D$5:$D$1504,Transactions!$C$5:$C$1504,$B45,Transactions!$F$5:$F$1504,11,Transactions!$G$5:$G$1504,Start!$C$6)) | O45: =IF($B45="","",SUMIFS(Transactions!$D$5:$D$1504,Transactions!$C$5:$C$1504,$B45,Transactions!$F$5:$F$1504,12,Transactions!$G$5:$G$1504,Start!$C$6)) | P45: =IF($B45="","",SUM(D45:O45)) | Q45: =IF($B45="","",P45/MAX(1,Lists!$D$1))
B46: =IF(Budget!$A$30="","",Budget!$A$30) | C46: =IF(Budget!$B$30="","",Budget!$B$30) | D46: =IF($B46="","",SUMIFS(Transactions!$D$5:$D$1504,Transactions!$C$5:$C$1504,$B46,Transactions!$F$5:$F$1504,1,Transactions!$G$5:$G$1504,Start!$C$6)) | E46: =IF($B46="","",SUMIFS(Transactions!$D$5:$D$1504,Transactions!$C$5:$C$1504,$B46,Transactions!$F$5:$F$1504,2,Transactions!$G$5:$G$1504,Start!$C$6)) | F46: =IF($B46="","",SUMIFS(Transactions!$D$5:$D$1504,Transactions!$C$5:$C$1504,$B46,Transactions!$F$5:$F$1504,3,Transactions!$G$5:$G$1504,Start!$C$6)) | G46: =IF($B46="","",SUMIFS(Transactions!$D$5:$D$1504,Transactions!$C$5:$C$1504,$B46,Transactions!$F$5:$F$1504,4,Transactions!$G$5:$G$1504,Start!$C$6)) | H46: =IF($B46="","",SUMIFS(Transactions!$D$5:$D$1504,Transactions!$C$5:$C$1504,$B46,Transactions!$F$5:$F$1504,5,Transactions!$G$5:$G$1504,Start!$C$6)) | I46: =IF($B46="","",SUMIFS(Transactions!$D$5:$D$1504,Transactions!$C$5:$C$1504,$B46,Transactions!$F$5:$F$1504,6,Transactions!$G$5:$G$1504,Start!$C$6)) | J46: =IF($B46="","",SUMIFS(Transactions!$D$5:$D$1504,Transactions!$C$5:$C$1504,$B46,Transactions!$F$5:$F$1504,7,Transactions!$G$5:$G$1504,Start!$C$6)) | K46: =IF($B46="","",SUMIFS(Transactions!$D$5:$D$1504,Transactions!$C$5:$C$1504,$B46,Transactions!$F$5:$F$1504,8,Transactions!$G$5:$G$1504,Start!$C$6)) | L46: =IF($B46="","",SUMIFS(Transactions!$D$5:$D$1504,Transactions!$C$5:$C$1504,$B46,Transactions!$F$5:$F$1504,9,Transactions!$G$5:$G$1504,Start!$C$6)) | M46: =IF($B46="","",SUMIFS(Transactions!$D$5:$D$1504,Transactions!$C$5:$C$1504,$B46,Transactions!$F$5:$F$1504,10,Transactions!$G$5:$G$1504,Start!$C$6)) | N46: =IF($B46="","",SUMIFS(Transactions!$D$5:$D$1504,Transactions!$C$5:$C$1504,$B46,Transactions!$F$5:$F$1504,11,Transactions!$G$5:$G$1504,Start!$C$6)) | O46: =IF($B46="","",SUMIFS(Transactions!$D$5:$D$1504,Transactions!$C$5:$C$1504,$B46,Transactions!$F$5:$F$1504,12,Transactions!$G$5:$G$1504,Start!$C$6)) | P46: =IF($B46="","",SUM(D46:O46)) | Q46: =IF($B46="","",P46/MAX(1,Lists!$D$1))
B47: =IF(Budget!$A$31="","",Budget!$A$31) | C47: =IF(Budget!$B$31="","",Budget!$B$31) | D47: =IF($B47="","",SUMIFS(Transactions!$D$5:$D$1504,Transactions!$C$5:$C$1504,$B47,Transactions!$F$5:$F$1504,1,Transactions!$G$5:$G$1504,Start!$C$6)) | E47: =IF($B47="","",SUMIFS(Transactions!$D$5:$D$1504,Transactions!$C$5:$C$1504,$B47,Transactions!$F$5:$F$1504,2,Transactions!$G$5:$G$1504,Start!$C$6)) | F47: =IF($B47="","",SUMIFS(Transactions!$D$5:$D$1504,Transactions!$C$5:$C$1504,$B47,Transactions!$F$5:$F$1504,3,Transactions!$G$5:$G$1504,Start!$C$6)) | G47: =IF($B47="","",SUMIFS(Transactions!$D$5:$D$1504,Transactions!$C$5:$C$1504,$B47,Transactions!$F$5:$F$1504,4,Transactions!$G$5:$G$1504,Start!$C$6)) | H47: =IF($B47="","",SUMIFS(Transactions!$D$5:$D$1504,Transactions!$C$5:$C$1504,$B47,Transactions!$F$5:$F$1504,5,Transactions!$G$5:$G$1504,Start!$C$6)) | I47: =IF($B47="","",SUMIFS(Transactions!$D$5:$D$1504,Transactions!$C$5:$C$1504,$B47,Transactions!$F$5:$F$1504,6,Transactions!$G$5:$G$1504,Start!$C$6)) | J47: =IF($B47="","",SUMIFS(Transactions!$D$5:$D$1504,Transactions!$C$5:$C$1504,$B47,Transactions!$F$5:$F$1504,7,Transactions!$G$5:$G$1504,Start!$C$6)) | K47: =IF($B47="","",SUMIFS(Transactions!$D$5:$D$1504,Transactions!$C$5:$C$1504,$B47,Transactions!$F$5:$F$1504,8,Transactions!$G$5:$G$1504,Start!$C$6)) | L47: =IF($B47="","",SUMIFS(Transactions!$D$5:$D$1504,Transactions!$C$5:$C$1504,$B47,Transactions!$F$5:$F$1504,9,Transactions!$G$5:$G$1504,Start!$C$6)) | M47: =IF($B47="","",SUMIFS(Transactions!$D$5:$D$1504,Transactions!$C$5:$C$1504,$B47,Transactions!$F$5:$F$1504,10,Transactions!$G$5:$G$1504,Start!$C$6)) | N47: =IF($B47="","",SUMIFS(Transactions!$D$5:$D$1504,Transactions!$C$5:$C$1504,$B47,Transactions!$F$5:$F$1504,11,Transactions!$G$5:$G$1504,Start!$C$6)) | O47: =IF($B47="","",SUMIFS(Transactions!$D$5:$D$1504,Transactions!$C$5:$C$1504,$B47,Transactions!$F$5:$F$1504,12,Transactions!$G$5:$G$1504,Start!$C$6)) | P47: =IF($B47="","",SUM(D47:O47)) | Q47: =IF($B47="","",P47/MAX(1,Lists!$D$1))
B48: =IF(Budget!$A$32="","",Budget!$A$32) | C48: =IF(Budget!$B$32="","",Budget!$B$32) | D48: =IF($B48="","",SUMIFS(Transactions!$D$5:$D$1504,Transactions!$C$5:$C$1504,$B48,Transactions!$F$5:$F$1504,1,Transactions!$G$5:$G$1504,Start!$C$6)) | E48: =IF($B48="","",SUMIFS(Transactions!$D$5:$D$1504,Transactions!$C$5:$C$1504,$B48,Transactions!$F$5:$F$1504,2,Transactions!$G$5:$G$1504,Start!$C$6)) | F48: =IF($B48="","",SUMIFS(Transactions!$D$5:$D$1504,Transactions!$C$5:$C$1504,$B48,Transactions!$F$5:$F$1504,3,Transactions!$G$5:$G$1504,Start!$C$6)) | G48: =IF($B48="","",SUMIFS(Transactions!$D$5:$D$1504,Transactions!$C$5:$C$1504,$B48,Transactions!$F$5:$F$1504,4,Transactions!$G$5:$G$1504,Start!$C$6)) | H48: =IF($B48="","",SUMIFS(Transactions!$D$5:$D$1504,Transactions!$C$5:$C$1504,$B48,Transactions!$F$5:$F$1504,5,Transactions!$G$5:$G$1504,Start!$C$6)) | I48: =IF($B48="","",SUMIFS(Transactions!$D$5:$D$1504,Transactions!$C$5:$C$1504,$B48,Transactions!$F$5:$F$1504,6,Transactions!$G$5:$G$1504,Start!$C$6)) | J48: =IF($B48="","",SUMIFS(Transactions!$D$5:$D$1504,Transactions!$C$5:$C$1504,$B48,Transactions!$F$5:$F$1504,7,Transactions!$G$5:$G$1504,Start!$C$6)) | K48: =IF($B48="","",SUMIFS(Transactions!$D$5:$D$1504,Transactions!$C$5:$C$1504,$B48,Transactions!$F$5:$F$1504,8,Transactions!$G$5:$G$1504,Start!$C$6)) | L48: =IF($B48="","",SUMIFS(Transactions!$D$5:$D$1504,Transactions!$C$5:$C$1504,$B48,Transactions!$F$5:$F$1504,9,Transactions!$G$5:$G$1504,Start!$C$6)) | M48: =IF($B48="","",SUMIFS(Transactions!$D$5:$D$1504,Transactions!$C$5:$C$1504,$B48,Transactions!$F$5:$F$1504,10,Transactions!$G$5:$G$1504,Start!$C$6)) | N48: =IF($B48="","",SUMIFS(Transactions!$D$5:$D$1504,Transactions!$C$5:$C$1504,$B48,Transactions!$F$5:$F$1504,11,Transactions!$G$5:$G$1504,Start!$C$6)) | O48: =IF($B48="","",SUMIFS(Transactions!$D$5:$D$1504,Transactions!$C$5:$C$1504,$B48,Transactions!$F$5:$F$1504,12,Transactions!$G$5:$G$1504,Start!$C$6)) | P48: =IF($B48="","",SUM(D48:O48)) | Q48: =IF($B48="","",P48/MAX(1,Lists!$D$1))
B49: =IF(Budget!$A$33="","",Budget!$A$33) | C49: =IF(Budget!$B$33="","",Budget!$B$33) | D49: =IF($B49="","",SUMIFS(Transactions!$D$5:$D$1504,Transactions!$C$5:$C$1504,$B49,Transactions!$F$5:$F$1504,1,Transactions!$G$5:$G$1504,Start!$C$6)) | E49: =IF($B49="","",SUMIFS(Transactions!$D$5:$D$1504,Transactions!$C$5:$C$1504,$B49,Transactions!$F$5:$F$1504,2,Transactions!$G$5:$G$1504,Start!$C$6)) | F49: =IF($B49="","",SUMIFS(Transactions!$D$5:$D$1504,Transactions!$C$5:$C$1504,$B49,Transactions!$F$5:$F$1504,3,Transactions!$G$5:$G$1504,Start!$C$6)) | G49: =IF($B49="","",SUMIFS(Transactions!$D$5:$D$1504,Transactions!$C$5:$C$1504,$B49,Transactions!$F$5:$F$1504,4,Transactions!$G$5:$G$1504,Start!$C$6)) | H49: =IF($B49="","",SUMIFS(Transactions!$D$5:$D$1504,Transactions!$C$5:$C$1504,$B49,Transactions!$F$5:$F$1504,5,Transactions!$G$5:$G$1504,Start!$C$6)) | I49: =IF($B49="","",SUMIFS(Transactions!$D$5:$D$1504,Transactions!$C$5:$C$1504,$B49,Transactions!$F$5:$F$1504,6,Transactions!$G$5:$G$1504,Start!$C$6)) | J49: =IF($B49="","",SUMIFS(Transactions!$D$5:$D$1504,Transactions!$C$5:$C$1504,$B49,Transactions!$F$5:$F$1504,7,Transactions!$G$5:$G$1504,Start!$C$6)) | K49: =IF($B49="","",SUMIFS(Transactions!$D$5:$D$1504,Transactions!$C$5:$C$1504,$B49,Transactions!$F$5:$F$1504,8,Transactions!$G$5:$G$1504,Start!$C$6)) | L49: =IF($B49="","",SUMIFS(Transactions!$D$5:$D$1504,Transactions!$C$5:$C$1504,$B49,Transactions!$F$5:$F$1504,9,Transactions!$G$5:$G$1504,Start!$C$6)) | M49: =IF($B49="","",SUMIFS(Transactions!$D$5:$D$1504,Transactions!$C$5:$C$1504,$B49,Transactions!$F$5:$F$1504,10,Transactions!$G$5:$G$1504,Start!$C$6)) | N49: =IF($B49="","",SUMIFS(Transactions!$D$5:$D$1504,Transactions!$C$5:$C$1504,$B49,Transactions!$F$5:$F$1504,11,Transactions!$G$5:$G$1504,Start!$C$6)) | O49: =IF($B49="","",SUMIFS(Transactions!$D$5:$D$1504,Transactions!$C$5:$C$1504,$B49,Transactions!$F$5:$F$1504,12,Transactions!$G$5:$G$1504,Start!$C$6)) | P49: =IF($B49="","",SUM(D49:O49)) | Q49: =IF($B49="","",P49/MAX(1,Lists!$D$1))
B50: =IF(Budget!$A$34="","",Budget!$A$34) | C50: =IF(Budget!$B$34="","",Budget!$B$34) | D50: =IF($B50="","",SUMIFS(Transactions!$D$5:$D$1504,Transactions!$C$5:$C$1504,$B50,Transactions!$F$5:$F$1504,1,Transactions!$G$5:$G$1504,Start!$C$6)) | E50: =IF($B50="","",SUMIFS(Transactions!$D$5:$D$1504,Transactions!$C$5:$C$1504,$B50,Transactions!$F$5:$F$1504,2,Transactions!$G$5:$G$1504,Start!$C$6)) | F50: =IF($B50="","",SUMIFS(Transactions!$D$5:$D$1504,Transactions!$C$5:$C$1504,$B50,Transactions!$F$5:$F$1504,3,Transactions!$G$5:$G$1504,Start!$C$6)) | G50: =IF($B50="","",SUMIFS(Transactions!$D$5:$D$1504,Transactions!$C$5:$C$1504,$B50,Transactions!$F$5:$F$1504,4,Transactions!$G$5:$G$1504,Start!$C$6)) | H50: =IF($B50="","",SUMIFS(Transactions!$D$5:$D$1504,Transactions!$C$5:$C$1504,$B50,Transactions!$F$5:$F$1504,5,Transactions!$G$5:$G$1504,Start!$C$6)) | I50: =IF($B50="","",SUMIFS(Transactions!$D$5:$D$1504,Transactions!$C$5:$C$1504,$B50,Transactions!$F$5:$F$1504,6,Transactions!$G$5:$G$1504,Start!$C$6)) | J50: =IF($B50="","",SUMIFS(Transactions!$D$5:$D$1504,Transactions!$C$5:$C$1504,$B50,Transactions!$F$5:$F$1504,7,Transactions!$G$5:$G$1504,Start!$C$6)) | K50: =IF($B50="","",SUMIFS(Transactions!$D$5:$D$1504,Transactions!$C$5:$C$1504,$B50,Transactions!$F$5:$F$1504,8,Transactions!$G$5:$G$1504,Start!$C$6)) | L50: =IF($B50="","",SUMIFS(Transactions!$D$5:$D$1504,Transactions!$C$5:$C$1504,$B50,Transactions!$F$5:$F$1504,9,Transactions!$G$5:$G$1504,Start!$C$6)) | M50: =IF($B50="","",SUMIFS(Transactions!$D$5:$D$1504,Transactions!$C$5:$C$1504,$B50,Transactions!$F$5:$F$1504,10,Transactions!$G$5:$G$1504,Start!$C$6)) | N50: =IF($B50="","",SUMIFS(Transactions!$D$5:$D$1504,Transactions!$C$5:$C$1504,$B50,Transactions!$F$5:$F$1504,11,Transactions!$G$5:$G$1504,Start!$C$6)) | O50: =IF($B50="","",SUMIFS(Transactions!$D$5:$D$1504,Transactions!$C$5:$C$1504,$B50,Transactions!$F$5:$F$1504,12,Transactions!$G$5:$G$1504,Start!$C$6)) | P50: =IF($B50="","",SUM(D50:O50)) | Q50: =IF($B50="","",P50/MAX(1,Lists!$D$1))
B51: =IF(Budget!$A$35="","",Budget!$A$35) | C51: =IF(Budget!$B$35="","",Budget!$B$35) | D51: =IF($B51="","",SUMIFS(Transactions!$D$5:$D$1504,Transactions!$C$5:$C$1504,$B51,Transactions!$F$5:$F$1504,1,Transactions!$G$5:$G$1504,Start!$C$6)) | E51: =IF($B51="","",SUMIFS(Transactions!$D$5:$D$1504,Transactions!$C$5:$C$1504,$B51,Transactions!$F$5:$F$1504,2,Transactions!$G$5:$G$1504,Start!$C$6)) | F51: =IF($B51="","",SUMIFS(Transactions!$D$5:$D$1504,Transactions!$C$5:$C$1504,$B51,Transactions!$F$5:$F$1504,3,Transactions!$G$5:$G$1504,Start!$C$6)) | G51: =IF($B51="","",SUMIFS(Transactions!$D$5:$D$1504,Transactions!$C$5:$C$1504,$B51,Transactions!$F$5:$F$1504,4,Transactions!$G$5:$G$1504,Start!$C$6)) | H51: =IF($B51="","",SUMIFS(Transactions!$D$5:$D$1504,Transactions!$C$5:$C$1504,$B51,Transactions!$F$5:$F$1504,5,Transactions!$G$5:$G$1504,Start!$C$6)) | I51: =IF($B51="","",SUMIFS(Transactions!$D$5:$D$1504,Transactions!$C$5:$C$1504,$B51,Transactions!$F$5:$F$1504,6,Transactions!$G$5:$G$1504,Start!$C$6)) | J51: =IF($B51="","",SUMIFS(Transactions!$D$5:$D$1504,Transactions!$C$5:$C$1504,$B51,Transactions!$F$5:$F$1504,7,Transactions!$G$5:$G$1504,Start!$C$6)) | K51: =IF($B51="","",SUMIFS(Transactions!$D$5:$D$1504,Transactions!$C$5:$C$1504,$B51,Transactions!$F$5:$F$1504,8,Transactions!$G$5:$G$1504,Start!$C$6)) | L51: =IF($B51="","",SUMIFS(Transactions!$D$5:$D$1504,Transactions!$C$5:$C$1504,$B51,Transactions!$F$5:$F$1504,9,Transactions!$G$5:$G$1504,Start!$C$6)) | M51: =IF($B51="","",SUMIFS(Transactions!$D$5:$D$1504,Transactions!$C$5:$C$1504,$B51,Transactions!$F$5:$F$1504,10,Transactions!$G$5:$G$1504,Start!$C$6)) | N51: =IF($B51="","",SUMIFS(Transactions!$D$5:$D$1504,Transactions!$C$5:$C$1504,$B51,Transactions!$F$5:$F$1504,11,Transactions!$G$5:$G$1504,Start!$C$6)) | O51: =IF($B51="","",SUMIFS(Transactions!$D$5:$D$1504,Transactions!$C$5:$C$1504,$B51,Transactions!$F$5:$F$1504,12,Transactions!$G$5:$G$1504,Start!$C$6)) | P51: =IF($B51="","",SUM(D51:O51)) | Q51: =IF($B51="","",P51/MAX(1,Lists!$D$1))
B52: =IF(Budget!$A$36="","",Budget!$A$36) | C52: =IF(Budget!$B$36="","",Budget!$B$36) | D52: =IF($B52="","",SUMIFS(Transactions!$D$5:$D$1504,Transactions!$C$5:$C$1504,$B52,Transactions!$F$5:$F$1504,1,Transactions!$G$5:$G$1504,Start!$C$6)) | E52: =IF($B52="","",SUMIFS(Transactions!$D$5:$D$1504,Transactions!$C$5:$C$1504,$B52,Transactions!$F$5:$F$1504,2,Transactions!$G$5:$G$1504,Start!$C$6)) | F52: =IF($B52="","",SUMIFS(Transactions!$D$5:$D$1504,Transactions!$C$5:$C$1504,$B52,Transactions!$F$5:$F$1504,3,Transactions!$G$5:$G$1504,Start!$C$6)) | G52: =IF($B52="","",SUMIFS(Transactions!$D$5:$D$1504,Transactions!$C$5:$C$1504,$B52,Transactions!$F$5:$F$1504,4,Transactions!$G$5:$G$1504,Start!$C$6)) | H52: =IF($B52="","",SUMIFS(Transactions!$D$5:$D$1504,Transactions!$C$5:$C$1504,$B52,Transactions!$F$5:$F$1504,5,Transactions!$G$5:$G$1504,Start!$C$6)) | I52: =IF($B52="","",SUMIFS(Transactions!$D$5:$D$1504,Transactions!$C$5:$C$1504,$B52,Transactions!$F$5:$F$1504,6,Transactions!$G$5:$G$1504,Start!$C$6)) | J52: =IF($B52="","",SUMIFS(Transactions!$D$5:$D$1504,Transactions!$C$5:$C$1504,$B52,Transactions!$F$5:$F$1504,7,Transactions!$G$5:$G$1504,Start!$C$6)) | K52: =IF($B52="","",SUMIFS(Transactions!$D$5:$D$1504,Transactions!$C$5:$C$1504,$B52,Transactions!$F$5:$F$1504,8,Transactions!$G$5:$G$1504,Start!$C$6)) | L52: =IF($B52="","",SUMIFS(Transactions!$D$5:$D$1504,Transactions!$C$5:$C$1504,$B52,Transactions!$F$5:$F$1504,9,Transactions!$G$5:$G$1504,Start!$C$6)) | M52: =IF($B52="","",SUMIFS(Transactions!$D$5:$D$1504,Transactions!$C$5:$C$1504,$B52,Transactions!$F$5:$F$1504,10,Transactions!$G$5:$G$1504,Start!$C$6)) | N52: =IF($B52="","",SUMIFS(Transactions!$D$5:$D$1504,Transactions!$C$5:$C$1504,$B52,Transactions!$F$5:$F$1504,11,Transactions!$G$5:$G$1504,Start!$C$6)) | O52: =IF($B52="","",SUMIFS(Transactions!$D$5:$D$1504,Transactions!$C$5:$C$1504,$B52,Transactions!$F$5:$F$1504,12,Transactions!$G$5:$G$1504,Start!$C$6)) | P52: =IF($B52="","",SUM(D52:O52)) | Q52: =IF($B52="","",P52/MAX(1,Lists!$D$1))
B53: =IF(Budget!$A$37="","",Budget!$A$37) | C53: =IF(Budget!$B$37="","",Budget!$B$37) | D53: =IF($B53="","",SUMIFS(Transactions!$D$5:$D$1504,Transactions!$C$5:$C$1504,$B53,Transactions!$F$5:$F$1504,1,Transactions!$G$5:$G$1504,Start!$C$6)) | E53: =IF($B53="","",SUMIFS(Transactions!$D$5:$D$1504,Transactions!$C$5:$C$1504,$B53,Transactions!$F$5:$F$1504,2,Transactions!$G$5:$G$1504,Start!$C$6)) | F53: =IF($B53="","",SUMIFS(Transactions!$D$5:$D$1504,Transactions!$C$5:$C$1504,$B53,Transactions!$F$5:$F$1504,3,Transactions!$G$5:$G$1504,Start!$C$6)) | G53: =IF($B53="","",SUMIFS(Transactions!$D$5:$D$1504,Transactions!$C$5:$C$1504,$B53,Transactions!$F$5:$F$1504,4,Transactions!$G$5:$G$1504,Start!$C$6)) | H53: =IF($B53="","",SUMIFS(Transactions!$D$5:$D$1504,Transactions!$C$5:$C$1504,$B53,Transactions!$F$5:$F$1504,5,Transactions!$G$5:$G$1504,Start!$C$6)) | I53: =IF($B53="","",SUMIFS(Transactions!$D$5:$D$1504,Transactions!$C$5:$C$1504,$B53,Transactions!$F$5:$F$1504,6,Transactions!$G$5:$G$1504,Start!$C$6)) | J53: =IF($B53="","",SUMIFS(Transactions!$D$5:$D$1504,Transactions!$C$5:$C$1504,$B53,Transactions!$F$5:$F$1504,7,Transactions!$G$5:$G$1504,Start!$C$6)) | K53: =IF($B53="","",SUMIFS(Transactions!$D$5:$D$1504,Transactions!$C$5:$C$1504,$B53,Transactions!$F$5:$F$1504,8,Transactions!$G$5:$G$1504,Start!$C$6)) | L53: =IF($B53="","",SUMIFS(Transactions!$D$5:$D$1504,Transactions!$C$5:$C$1504,$B53,Transactions!$F$5:$F$1504,9,Transactions!$G$5:$G$1504,Start!$C$6)) | M53: =IF($B53="","",SUMIFS(Transactions!$D$5:$D$1504,Transactions!$C$5:$C$1504,$B53,Transactions!$F$5:$F$1504,10,Transactions!$G$5:$G$1504,Start!$C$6)) | N53: =IF($B53="","",SUMIFS(Transactions!$D$5:$D$1504,Transactions!$C$5:$C$1504,$B53,Transactions!$F$5:$F$1504,11,Transactions!$G$5:$G$1504,Start!$C$6)) | O53: =IF($B53="","",SUMIFS(Transactions!$D$5:$D$1504,Transactions!$C$5:$C$1504,$B53,Transactions!$F$5:$F$1504,12,Transactions!$G$5:$G$1504,Start!$C$6)) | P53: =IF($B53="","",SUM(D53:O53)) | Q53: =IF($B53="","",P53/MAX(1,Lists!$D$1))
B54: =IF(Budget!$A$38="","",Budget!$A$38) | C54: =IF(Budget!$B$38="","",Budget!$B$38) | D54: =IF($B54="","",SUMIFS(Transactions!$D$5:$D$1504,Transactions!$C$5:$C$1504,$B54,Transactions!$F$5:$F$1504,1,Transactions!$G$5:$G$1504,Start!$C$6)) | E54: =IF($B54="","",SUMIFS(Transactions!$D$5:$D$1504,Transactions!$C$5:$C$1504,$B54,Transactions!$F$5:$F$1504,2,Transactions!$G$5:$G$1504,Start!$C$6)) | F54: =IF($B54="","",SUMIFS(Transactions!$D$5:$D$1504,Transactions!$C$5:$C$1504,$B54,Transactions!$F$5:$F$1504,3,Transactions!$G$5:$G$1504,Start!$C$6)) | G54: =IF($B54="","",SUMIFS(Transactions!$D$5:$D$1504,Transactions!$C$5:$C$1504,$B54,Transactions!$F$5:$F$1504,4,Transactions!$G$5:$G$1504,Start!$C$6)) | H54: =IF($B54="","",SUMIFS(Transactions!$D$5:$D$1504,Transactions!$C$5:$C$1504,$B54,Transactions!$F$5:$F$1504,5,Transactions!$G$5:$G$1504,Start!$C$6)) | I54: =IF($B54="","",SUMIFS(Transactions!$D$5:$D$1504,Transactions!$C$5:$C$1504,$B54,Transactions!$F$5:$F$1504,6,Transactions!$G$5:$G$1504,Start!$C$6)) | J54: =IF($B54="","",SUMIFS(Transactions!$D$5:$D$1504,Transactions!$C$5:$C$1504,$B54,Transactions!$F$5:$F$1504,7,Transactions!$G$5:$G$1504,Start!$C$6)) | K54: =IF($B54="","",SUMIFS(Transactions!$D$5:$D$1504,Transactions!$C$5:$C$1504,$B54,Transactions!$F$5:$F$1504,8,Transactions!$G$5:$G$1504,Start!$C$6)) | L54: =IF($B54="","",SUMIFS(Transactions!$D$5:$D$1504,Transactions!$C$5:$C$1504,$B54,Transactions!$F$5:$F$1504,9,Transactions!$G$5:$G$1504,Start!$C$6)) | M54: =IF($B54="","",SUMIFS(Transactions!$D$5:$D$1504,Transactions!$C$5:$C$1504,$B54,Transactions!$F$5:$F$1504,10,Transactions!$G$5:$G$1504,Start!$C$6)) | N54: =IF($B54="","",SUMIFS(Transactions!$D$5:$D$1504,Transactions!$C$5:$C$1504,$B54,Transactions!$F$5:$F$1504,11,Transactions!$G$5:$G$1504,Start!$C$6)) | O54: =IF($B54="","",SUMIFS(Transactions!$D$5:$D$1504,Transactions!$C$5:$C$1504,$B54,Transactions!$F$5:$F$1504,12,Transactions!$G$5:$G$1504,Start!$C$6)) | P54: =IF($B54="","",SUM(D54:O54)) | Q54: =IF($B54="","",P54/MAX(1,Lists!$D$1))
B55: =IF(Budget!$A$39="","",Budget!$A$39) | C55: =IF(Budget!$B$39="","",Budget!$B$39) | D55: =IF($B55="","",SUMIFS(Transactions!$D$5:$D$1504,Transactions!$C$5:$C$1504,$B55,Transactions!$F$5:$F$1504,1,Transactions!$G$5:$G$1504,Start!$C$6)) | E55: =IF($B55="","",SUMIFS(Transactions!$D$5:$D$1504,Transactions!$C$5:$C$1504,$B55,Transactions!$F$5:$F$1504,2,Transactions!$G$5:$G$1504,Start!$C$6)) | F55: =IF($B55="","",SUMIFS(Transactions!$D$5:$D$1504,Transactions!$C$5:$C$1504,$B55,Transactions!$F$5:$F$1504,3,Transactions!$G$5:$G$1504,Start!$C$6)) | G55: =IF($B55="","",SUMIFS(Transactions!$D$5:$D$1504,Transactions!$C$5:$C$1504,$B55,Transactions!$F$5:$F$1504,4,Transactions!$G$5:$G$1504,Start!$C$6)) | H55: =IF($B55="","",SUMIFS(Transactions!$D$5:$D$1504,Transactions!$C$5:$C$1504,$B55,Transactions!$F$5:$F$1504,5,Transactions!$G$5:$G$1504,Start!$C$6)) | I55: =IF($B55="","",SUMIFS(Transactions!$D$5:$D$1504,Transactions!$C$5:$C$1504,$B55,Transactions!$F$5:$F$1504,6,Transactions!$G$5:$G$1504,Start!$C$6)) | J55: =IF($B55="","",SUMIFS(Transactions!$D$5:$D$1504,Transactions!$C$5:$C$1504,$B55,Transactions!$F$5:$F$1504,7,Transactions!$G$5:$G$1504,Start!$C$6)) | K55: =IF($B55="","",SUMIFS(Transactions!$D$5:$D$1504,Transactions!$C$5:$C$1504,$B55,Transactions!$F$5:$F$1504,8,Transactions!$G$5:$G$1504,Start!$C$6)) | L55: =IF($B55="","",SUMIFS(Transactions!$D$5:$D$1504,Transactions!$C$5:$C$1504,$B55,Transactions!$F$5:$F$1504,9,Transactions!$G$5:$G$1504,Start!$C$6)) | M55: =IF($B55="","",SUMIFS(Transactions!$D$5:$D$1504,Transactions!$C$5:$C$1504,$B55,Transactions!$F$5:$F$1504,10,Transactions!$G$5:$G$1504,Start!$C$6)) | N55: =IF($B55="","",SUMIFS(Transactions!$D$5:$D$1504,Transactions!$C$5:$C$1504,$B55,Transactions!$F$5:$F$1504,11,Transactions!$G$5:$G$1504,Start!$C$6)) | O55: =IF($B55="","",SUMIFS(Transactions!$D$5:$D$1504,Transactions!$C$5:$C$1504,$B55,Transactions!$F$5:$F$1504,12,Transactions!$G$5:$G$1504,Start!$C$6)) | P55: =IF($B55="","",SUM(D55:O55)) | Q55: =IF($B55="","",P55/MAX(1,Lists!$D$1))
B56: =IF(Budget!$A$40="","",Budget!$A$40) | C56: =IF(Budget!$B$40="","",Budget!$B$40) | D56: =IF($B56="","",SUMIFS(Transactions!$D$5:$D$1504,Transactions!$C$5:$C$1504,$B56,Transactions!$F$5:$F$1504,1,Transactions!$G$5:$G$1504,Start!$C$6)) | E56: =IF($B56="","",SUMIFS(Transactions!$D$5:$D$1504,Transactions!$C$5:$C$1504,$B56,Transactions!$F$5:$F$1504,2,Transactions!$G$5:$G$1504,Start!$C$6)) | F56: =IF($B56="","",SUMIFS(Transactions!$D$5:$D$1504,Transactions!$C$5:$C$1504,$B56,Transactions!$F$5:$F$1504,3,Transactions!$G$5:$G$1504,Start!$C$6)) | G56: =IF($B56="","",SUMIFS(Transactions!$D$5:$D$1504,Transactions!$C$5:$C$1504,$B56,Transactions!$F$5:$F$1504,4,Transactions!$G$5:$G$1504,Start!$C$6)) | H56: =IF($B56="","",SUMIFS(Transactions!$D$5:$D$1504,Transactions!$C$5:$C$1504,$B56,Transactions!$F$5:$F$1504,5,Transactions!$G$5:$G$1504,Start!$C$6)) | I56: =IF($B56="","",SUMIFS(Transactions!$D$5:$D$1504,Transactions!$C$5:$C$1504,$B56,Transactions!$F$5:$F$1504,6,Transactions!$G$5:$G$1504,Start!$C$6)) | J56: =IF($B56="","",SUMIFS(Transactions!$D$5:$D$1504,Transactions!$C$5:$C$1504,$B56,Transactions!$F$5:$F$1504,7,Transactions!$G$5:$G$1504,Start!$C$6)) | K56: =IF($B56="","",SUMIFS(Transactions!$D$5:$D$1504,Transactions!$C$5:$C$1504,$B56,Transactions!$F$5:$F$1504,8,Transactions!$G$5:$G$1504,Start!$C$6)) | L56: =IF($B56="","",SUMIFS(Transactions!$D$5:$D$1504,Transactions!$C$5:$C$1504,$B56,Transactions!$F$5:$F$1504,9,Transactions!$G$5:$G$1504,Start!$C$6)) | M56: =IF($B56="","",SUMIFS(Transactions!$D$5:$D$1504,Transactions!$C$5:$C$1504,$B56,Transactions!$F$5:$F$1504,10,Transactions!$G$5:$G$1504,Start!$C$6)) | N56: =IF($B56="","",SUMIFS(Transactions!$D$5:$D$1504,Transactions!$C$5:$C$1504,$B56,Transactions!$F$5:$F$1504,11,Transactions!$G$5:$G$1504,Start!$C$6)) | O56: =IF($B56="","",SUMIFS(Transactions!$D$5:$D$1504,Transactions!$C$5:$C$1504,$B56,Transactions!$F$5:$F$1504,12,Transactions!$G$5:$G$1504,Start!$C$6)) | P56: =IF($B56="","",SUM(D56:O56)) | Q56: =IF($B56="","",P56/MAX(1,Lists!$D$1))
B57: =IF(Budget!$A$41="","",Budget!$A$41) | C57: =IF(Budget!$B$41="","",Budget!$B$41) | D57: =IF($B57="","",SUMIFS(Transactions!$D$5:$D$1504,Transactions!$C$5:$C$1504,$B57,Transactions!$F$5:$F$1504,1,Transactions!$G$5:$G$1504,Start!$C$6)) | E57: =IF($B57="","",SUMIFS(Transactions!$D$5:$D$1504,Transactions!$C$5:$C$1504,$B57,Transactions!$F$5:$F$1504,2,Transactions!$G$5:$G$1504,Start!$C$6)) | F57: =IF($B57="","",SUMIFS(Transactions!$D$5:$D$1504,Transactions!$C$5:$C$1504,$B57,Transactions!$F$5:$F$1504,3,Transactions!$G$5:$G$1504,Start!$C$6)) | G57: =IF($B57="","",SUMIFS(Transactions!$D$5:$D$1504,Transactions!$C$5:$C$1504,$B57,Transactions!$F$5:$F$1504,4,Transactions!$G$5:$G$1504,Start!$C$6)) | H57: =IF($B57="","",SUMIFS(Transactions!$D$5:$D$1504,Transactions!$C$5:$C$1504,$B57,Transactions!$F$5:$F$1504,5,Transactions!$G$5:$G$1504,Start!$C$6)) | I57: =IF($B57="","",SUMIFS(Transactions!$D$5:$D$1504,Transactions!$C$5:$C$1504,$B57,Transactions!$F$5:$F$1504,6,Transactions!$G$5:$G$1504,Start!$C$6)) | J57: =IF($B57="","",SUMIFS(Transactions!$D$5:$D$1504,Transactions!$C$5:$C$1504,$B57,Transactions!$F$5:$F$1504,7,Transactions!$G$5:$G$1504,Start!$C$6)) | K57: =IF($B57="","",SUMIFS(Transactions!$D$5:$D$1504,Transactions!$C$5:$C$1504,$B57,Transactions!$F$5:$F$1504,8,Transactions!$G$5:$G$1504,Start!$C$6)) | L57: =IF($B57="","",SUMIFS(Transactions!$D$5:$D$1504,Transactions!$C$5:$C$1504,$B57,Transactions!$F$5:$F$1504,9,Transactions!$G$5:$G$1504,Start!$C$6)) | M57: =IF($B57="","",SUMIFS(Transactions!$D$5:$D$1504,Transactions!$C$5:$C$1504,$B57,Transactions!$F$5:$F$1504,10,Transactions!$G$5:$G$1504,Start!$C$6)) | N57: =IF($B57="","",SUMIFS(Transactions!$D$5:$D$1504,Transactions!$C$5:$C$1504,$B57,Transactions!$F$5:$F$1504,11,Transactions!$G$5:$G$1504,Start!$C$6)) | O57: =IF($B57="","",SUMIFS(Transactions!$D$5:$D$1504,Transactions!$C$5:$C$1504,$B57,Transactions!$F$5:$F$1504,12,Transactions!$G$5:$G$1504,Start!$C$6)) | P57: =IF($B57="","",SUM(D57:O57)) | Q57: =IF($B57="","",P57/MAX(1,Lists!$D$1))
B58: =IF(Budget!$A$42="","",Budget!$A$42) | C58: =IF(Budget!$B$42="","",Budget!$B$42) | D58: =IF($B58="","",SUMIFS(Transactions!$D$5:$D$1504,Transactions!$C$5:$C$1504,$B58,Transactions!$F$5:$F$1504,1,Transactions!$G$5:$G$1504,Start!$C$6)) | E58: =IF($B58="","",SUMIFS(Transactions!$D$5:$D$1504,Transactions!$C$5:$C$1504,$B58,Transactions!$F$5:$F$1504,2,Transactions!$G$5:$G$1504,Start!$C$6)) | F58: =IF($B58="","",SUMIFS(Transactions!$D$5:$D$1504,Transactions!$C$5:$C$1504,$B58,Transactions!$F$5:$F$1504,3,Transactions!$G$5:$G$1504,Start!$C$6)) | G58: =IF($B58="","",SUMIFS(Transactions!$D$5:$D$1504,Transactions!$C$5:$C$1504,$B58,Transactions!$F$5:$F$1504,4,Transactions!$G$5:$G$1504,Start!$C$6)) | H58: =IF($B58="","",SUMIFS(Transactions!$D$5:$D$1504,Transactions!$C$5:$C$1504,$B58,Transactions!$F$5:$F$1504,5,Transactions!$G$5:$G$1504,Start!$C$6)) | I58: =IF($B58="","",SUMIFS(Transactions!$D$5:$D$1504,Transactions!$C$5:$C$1504,$B58,Transactions!$F$5:$F$1504,6,Transactions!$G$5:$G$1504,Start!$C$6)) | J58: =IF($B58="","",SUMIFS(Transactions!$D$5:$D$1504,Transactions!$C$5:$C$1504,$B58,Transactions!$F$5:$F$1504,7,Transactions!$G$5:$G$1504,Start!$C$6)) | K58: =IF($B58="","",SUMIFS(Transactions!$D$5:$D$1504,Transactions!$C$5:$C$1504,$B58,Transactions!$F$5:$F$1504,8,Transactions!$G$5:$G$1504,Start!$C$6)) | L58: =IF($B58="","",SUMIFS(Transactions!$D$5:$D$1504,Transactions!$C$5:$C$1504,$B58,Transactions!$F$5:$F$1504,9,Transactions!$G$5:$G$1504,Start!$C$6)) | M58: =IF($B58="","",SUMIFS(Transactions!$D$5:$D$1504,Transactions!$C$5:$C$1504,$B58,Transactions!$F$5:$F$1504,10,Transactions!$G$5:$G$1504,Start!$C$6)) | N58: =IF($B58="","",SUMIFS(Transactions!$D$5:$D$1504,Transactions!$C$5:$C$1504,$B58,Transactions!$F$5:$F$1504,11,Transactions!$G$5:$G$1504,Start!$C$6)) | O58: =IF($B58="","",SUMIFS(Transactions!$D$5:$D$1504,Transactions!$C$5:$C$1504,$B58,Transactions!$F$5:$F$1504,12,Transactions!$G$5:$G$1504,Start!$C$6)) | P58: =IF($B58="","",SUM(D58:O58)) | Q58: =IF($B58="","",P58/MAX(1,Lists!$D$1))
B59: =IF(Budget!$A$43="","",Budget!$A$43) | C59: =IF(Budget!$B$43="","",Budget!$B$43) | D59: =IF($B59="","",SUMIFS(Transactions!$D$5:$D$1504,Transactions!$C$5:$C$1504,$B59,Transactions!$F$5:$F$1504,1,Transactions!$G$5:$G$1504,Start!$C$6)) | E59: =IF($B59="","",SUMIFS(Transactions!$D$5:$D$1504,Transactions!$C$5:$C$1504,$B59,Transactions!$F$5:$F$1504,2,Transactions!$G$5:$G$1504,Start!$C$6)) | F59: =IF($B59="","",SUMIFS(Transactions!$D$5:$D$1504,Transactions!$C$5:$C$1504,$B59,Transactions!$F$5:$F$1504,3,Transactions!$G$5:$G$1504,Start!$C$6)) | G59: =IF($B59="","",SUMIFS(Transactions!$D$5:$D$1504,Transactions!$C$5:$C$1504,$B59,Transactions!$F$5:$F$1504,4,Transactions!$G$5:$G$1504,Start!$C$6)) | H59: =IF($B59="","",SUMIFS(Transactions!$D$5:$D$1504,Transactions!$C$5:$C$1504,$B59,Transactions!$F$5:$F$1504,5,Transactions!$G$5:$G$1504,Start!$C$6)) | I59: =IF($B59="","",SUMIFS(Transactions!$D$5:$D$1504,Transactions!$C$5:$C$1504,$B59,Transactions!$F$5:$F$1504,6,Transactions!$G$5:$G$1504,Start!$C$6)) | J59: =IF($B59="","",SUMIFS(Transactions!$D$5:$D$1504,Transactions!$C$5:$C$1504,$B59,Transactions!$F$5:$F$1504,7,Transactions!$G$5:$G$1504,Start!$C$6)) | K59: =IF($B59="","",SUMIFS(Transactions!$D$5:$D$1504,Transactions!$C$5:$C$1504,$B59,Transactions!$F$5:$F$1504,8,Transactions!$G$5:$G$1504,Start!$C$6)) | L59: =IF($B59="","",SUMIFS(Transactions!$D$5:$D$1504,Transactions!$C$5:$C$1504,$B59,Transactions!$F$5:$F$1504,9,Transactions!$G$5:$G$1504,Start!$C$6)) | M59: =IF($B59="","",SUMIFS(Transactions!$D$5:$D$1504,Transactions!$C$5:$C$1504,$B59,Transactions!$F$5:$F$1504,10,Transactions!$G$5:$G$1504,Start!$C$6)) | N59: =IF($B59="","",SUMIFS(Transactions!$D$5:$D$1504,Transactions!$C$5:$C$1504,$B59,Transactions!$F$5:$F$1504,11,Transactions!$G$5:$G$1504,Start!$C$6)) | O59: =IF($B59="","",SUMIFS(Transactions!$D$5:$D$1504,Transactions!$C$5:$C$1504,$B59,Transactions!$F$5:$F$1504,12,Transactions!$G$5:$G$1504,Start!$C$6)) | P59: =IF($B59="","",SUM(D59:O59)) | Q59: =IF($B59="","",P59/MAX(1,Lists!$D$1))
B60: =IF(Budget!$A$44="","",Budget!$A$44) | C60: =IF(Budget!$B$44="","",Budget!$B$44) | D60: =IF($B60="","",SUMIFS(Transactions!$D$5:$D$1504,Transactions!$C$5:$C$1504,$B60,Transactions!$F$5:$F$1504,1,Transactions!$G$5:$G$1504,Start!$C$6)) | E60: =IF($B60="","",SUMIFS(Transactions!$D$5:$D$1504,Transactions!$C$5:$C$1504,$B60,Transactions!$F$5:$F$1504,2,Transactions!$G$5:$G$1504,Start!$C$6)) | F60: =IF($B60="","",SUMIFS(Transactions!$D$5:$D$1504,Transactions!$C$5:$C$1504,$B60,Transactions!$F$5:$F$1504,3,Transactions!$G$5:$G$1504,Start!$C$6)) | G60: =IF($B60="","",SUMIFS(Transactions!$D$5:$D$1504,Transactions!$C$5:$C$1504,$B60,Transactions!$F$5:$F$1504,4,Transactions!$G$5:$G$1504,Start!$C$6)) | H60: =IF($B60="","",SUMIFS(Transactions!$D$5:$D$1504,Transactions!$C$5:$C$1504,$B60,Transactions!$F$5:$F$1504,5,Transactions!$G$5:$G$1504,Start!$C$6)) | I60: =IF($B60="","",SUMIFS(Transactions!$D$5:$D$1504,Transactions!$C$5:$C$1504,$B60,Transactions!$F$5:$F$1504,6,Transactions!$G$5:$G$1504,Start!$C$6)) | J60: =IF($B60="","",SUMIFS(Transactions!$D$5:$D$1504,Transactions!$C$5:$C$1504,$B60,Transactions!$F$5:$F$1504,7,Transactions!$G$5:$G$1504,Start!$C$6)) | K60: =IF($B60="","",SUMIFS(Transactions!$D$5:$D$1504,Transactions!$C$5:$C$1504,$B60,Transactions!$F$5:$F$1504,8,Transactions!$G$5:$G$1504,Start!$C$6)) | L60: =IF($B60="","",SUMIFS(Transactions!$D$5:$D$1504,Transactions!$C$5:$C$1504,$B60,Transactions!$F$5:$F$1504,9,Transactions!$G$5:$G$1504,Start!$C$6)) | M60: =IF($B60="","",SUMIFS(Transactions!$D$5:$D$1504,Transactions!$C$5:$C$1504,$B60,Transactions!$F$5:$F$1504,10,Transactions!$G$5:$G$1504,Start!$C$6)) | N60: =IF($B60="","",SUMIFS(Transactions!$D$5:$D$1504,Transactions!$C$5:$C$1504,$B60,Transactions!$F$5:$F$1504,11,Transactions!$G$5:$G$1504,Start!$C$6)) | O60: =IF($B60="","",SUMIFS(Transactions!$D$5:$D$1504,Transactions!$C$5:$C$1504,$B60,Transactions!$F$5:$F$1504,12,Transactions!$G$5:$G$1504,Start!$C$6)) | P60: =IF($B60="","",SUM(D60:O60)) | Q60: =IF($B60="","",P60/MAX(1,Lists!$D$1))
B61: =IF(Budget!$A$45="","",Budget!$A$45) | C61: =IF(Budget!$B$45="","",Budget!$B$45) | D61: =IF($B61="","",SUMIFS(Transactions!$D$5:$D$1504,Transactions!$C$5:$C$1504,$B61,Transactions!$F$5:$F$1504,1,Transactions!$G$5:$G$1504,Start!$C$6)) | E61: =IF($B61="","",SUMIFS(Transactions!$D$5:$D$1504,Transactions!$C$5:$C$1504,$B61,Transactions!$F$5:$F$1504,2,Transactions!$G$5:$G$1504,Start!$C$6)) | F61: =IF($B61="","",SUMIFS(Transactions!$D$5:$D$1504,Transactions!$C$5:$C$1504,$B61,Transactions!$F$5:$F$1504,3,Transactions!$G$5:$G$1504,Start!$C$6)) | G61: =IF($B61="","",SUMIFS(Transactions!$D$5:$D$1504,Transactions!$C$5:$C$1504,$B61,Transactions!$F$5:$F$1504,4,Transactions!$G$5:$G$1504,Start!$C$6)) | H61: =IF($B61="","",SUMIFS(Transactions!$D$5:$D$1504,Transactions!$C$5:$C$1504,$B61,Transactions!$F$5:$F$1504,5,Transactions!$G$5:$G$1504,Start!$C$6)) | I61: =IF($B61="","",SUMIFS(Transactions!$D$5:$D$1504,Transactions!$C$5:$C$1504,$B61,Transactions!$F$5:$F$1504,6,Transactions!$G$5:$G$1504,Start!$C$6)) | J61: =IF($B61="","",SUMIFS(Transactions!$D$5:$D$1504,Transactions!$C$5:$C$1504,$B61,Transactions!$F$5:$F$1504,7,Transactions!$G$5:$G$1504,Start!$C$6)) | K61: =IF($B61="","",SUMIFS(Transactions!$D$5:$D$1504,Transactions!$C$5:$C$1504,$B61,Transactions!$F$5:$F$1504,8,Transactions!$G$5:$G$1504,Start!$C$6)) | L61: =IF($B61="","",SUMIFS(Transactions!$D$5:$D$1504,Transactions!$C$5:$C$1504,$B61,Transactions!$F$5:$F$1504,9,Transactions!$G$5:$G$1504,Start!$C$6)) | M61: =IF($B61="","",SUMIFS(Transactions!$D$5:$D$1504,Transactions!$C$5:$C$1504,$B61,Transactions!$F$5:$F$1504,10,Transactions!$G$5:$G$1504,Start!$C$6)) | N61: =IF($B61="","",SUMIFS(Transactions!$D$5:$D$1504,Transactions!$C$5:$C$1504,$B61,Transactions!$F$5:$F$1504,11,Transactions!$G$5:$G$1504,Start!$C$6)) | O61: =IF($B61="","",SUMIFS(Transactions!$D$5:$D$1504,Transactions!$C$5:$C$1504,$B61,Transactions!$F$5:$F$1504,12,Transactions!$G$5:$G$1504,Start!$C$6)) | P61: =IF($B61="","",SUM(D61:O61)) | Q61: =IF($B61="","",P61/MAX(1,Lists!$D$1))

Sheet Savings goals
B2: 🎯 Savings goals
B3: How much to put aside each month to get there on time.
B5: Goal | C5: Target amount | D5: Already saved | E5: Target date | F5: Still to save | G5: Progress | H5: Months left | I5: To save / month
B6: Emergency fund | C6: 3000 | D6: 1200 | E6: 46568 | F6: =IF(B6="","",MAX(0,C6-D6)) | G6: =IF(OR(B6="",N(C6)=0),"",MIN(1,D6/C6)) | H6: =IF(OR(B6="",E6=""),"",MAX(0,(YEAR(E6)-YEAR(TODAY()))*12+MONTH(E6)-MONTH(TODAY()))) | I6: =IF(OR(B6="",H6=""),"",IF(H6=0,F6,F6/H6))
B7: Summer holiday 2027 | C7: 1200 | D7: 300 | E7: 46569 | F7: =IF(B7="","",MAX(0,C7-D7)) | G7: =IF(OR(B7="",N(C7)=0),"",MIN(1,D7/C7)) | H7: =IF(OR(B7="",E7=""),"",MAX(0,(YEAR(E7)-YEAR(TODAY()))*12+MONTH(E7)-MONTH(TODAY()))) | I7: =IF(OR(B7="",H7=""),"",IF(H7=0,F7,F7/H7))
B8: New laptop | C8: 900 | D8: 150 | E8: 46447 | F8: =IF(B8="","",MAX(0,C8-D8)) | G8: =IF(OR(B8="",N(C8)=0),"",MIN(1,D8/C8)) | H8: =IF(OR(B8="",E8=""),"",MAX(0,(YEAR(E8)-YEAR(TODAY()))*12+MONTH(E8)-MONTH(TODAY()))) | I8: =IF(OR(B8="",H8=""),"",IF(H8=0,F8,F8/H8))
F9: =IF(B9="","",MAX(0,C9-D9)) | G9: =IF(OR(B9="",N(C9)=0),"",MIN(1,D9/C9)) | H9: =IF(OR(B9="",E9=""),"",MAX(0,(YEAR(E9)-YEAR(TODAY()))*12+MONTH(E9)-MONTH(TODAY()))) | I9: =IF(OR(B9="",H9=""),"",IF(H9=0,F9,F9/H9))
F10: =IF(B10="","",MAX(0,C10-D10)) | G10: =IF(OR(B10="",N(C10)=0),"",MIN(1,D10/C10)) | H10: =IF(OR(B10="",E10=""),"",MAX(0,(YEAR(E10)-YEAR(TODAY()))*12+MONTH(E10)-MONTH(TODAY()))) | I10: =IF(OR(B10="",H10=""),"",IF(H10=0,F10,F10/H10))
F11: =IF(B11="","",MAX(0,C11-D11)) | G11: =IF(OR(B11="",N(C11)=0),"",MIN(1,D11/C11)) | H11: =IF(OR(B11="",E11=""),"",MAX(0,(YEAR(E11)-YEAR(TODAY()))*12+MONTH(E11)-MONTH(TODAY()))) | I11: =IF(OR(B11="",H11=""),"",IF(H11=0,F11,F11/H11))
F12: =IF(B12="","",MAX(0,C12-D12)) | G12: =IF(OR(B12="",N(C12)=0),"",MIN(1,D12/C12)) | H12: =IF(OR(B12="",E12=""),"",MAX(0,(YEAR(E12)-YEAR(TODAY()))*12+MONTH(E12)-MONTH(TODAY()))) | I12: =IF(OR(B12="",H12=""),"",IF(H12=0,F12,F12/H12))
F13: =IF(B13="","",MAX(0,C13-D13)) | G13: =IF(OR(B13="",N(C13)=0),"",MIN(1,D13/C13)) | H13: =IF(OR(B13="",E13=""),"",MAX(0,(YEAR(E13)-YEAR(TODAY()))*12+MONTH(E13)-MONTH(TODAY()))) | I13: =IF(OR(B13="",H13=""),"",IF(H13=0,F13,F13/H13))
F14: =IF(B14="","",MAX(0,C14-D14)) | G14: =IF(OR(B14="",N(C14)=0),"",MIN(1,D14/C14)) | H14: =IF(OR(B14="",E14=""),"",MAX(0,(YEAR(E14)-YEAR(TODAY()))*12+MONTH(E14)-MONTH(TODAY()))) | I14: =IF(OR(B14="",H14=""),"",IF(H14=0,F14,F14/H14))
F15: =IF(B15="","",MAX(0,C15-D15)) | G15: =IF(OR(B15="",N(C15)=0),"",MIN(1,D15/C15)) | H15: =IF(OR(B15="",E15=""),"",MAX(0,(YEAR(E15)-YEAR(TODAY()))*12+MONTH(E15)-MONTH(TODAY()))) | I15: =IF(OR(B15="",H15=""),"",IF(H15=0,F15,F15/H15))
F16: =IF(B16="","",MAX(0,C16-D16)) | G16: =IF(OR(B16="",N(C16)=0),"",MIN(1,D16/C16)) | H16: =IF(OR(B16="",E16=""),"",MAX(0,(YEAR(E16)-YEAR(TODAY()))*12+MONTH(E16)-MONTH(TODAY()))) | I16: =IF(OR(B16="",H16=""),"",IF(H16=0,F16,F16/H16))
F17: =IF(B17="","",MAX(0,C17-D17)) | G17: =IF(OR(B17="",N(C17)=0),"",MIN(1,D17/C17)) | H17: =IF(OR(B17="",E17=""),"",MAX(0,(YEAR(E17)-YEAR(TODAY()))*12+MONTH(E17)-MONTH(TODAY()))) | I17: =IF(OR(B17="",H17=""),"",IF(H17=0,F17,F17/H17))
B19: Total saved | D19: =SUM(D6:D17) | H19: Total / month | I19: =SUM(I6:I17)
B21: 💡 Tip: create a “Savings” category for each goal in the Budget tab to track every plan.

Sheet Debts
B2: 💳 Debt tracker
B3: When you'll be debt-free, and how much interest you still have to pay.
B5: Loan | C5: Balance left | D5: Annual rate | E5: Monthly payment | F5: Months left | G5: Estimated payoff | H5: Interest left
B6: Car loan | C6: 6500 | D6: 0.045 | E6: 220 | F6: =IF(OR(B6="",N(E6)=0),"",IFERROR(ROUNDUP(IF(N(D6)=0,C6/E6,NPER(D6/12,-E6,C6)),0),"Payment too low")) | G6: =IF(OR(B6="",NOT(ISNUMBER(F6))),"",EDATE(TODAY(),F6)) | H6: =IF(OR(B6="",NOT(ISNUMBER(F6))),"",MAX(0,IF(N(D6)=0,C6/E6,NPER(D6/12,-E6,C6))*E6-C6))
B7: Credit card | C7: 900 | D7: 0.19 | E7: 60 | F7: =IF(OR(B7="",N(E7)=0),"",IFERROR(ROUNDUP(IF(N(D7)=0,C7/E7,NPER(D7/12,-E7,C7)),0),"Payment too low")) | G7: =IF(OR(B7="",NOT(ISNUMBER(F7))),"",EDATE(TODAY(),F7)) | H7: =IF(OR(B7="",NOT(ISNUMBER(F7))),"",MAX(0,IF(N(D7)=0,C7/E7,NPER(D7/12,-E7,C7))*E7-C7))
F8: =IF(OR(B8="",N(E8)=0),"",IFERROR(ROUNDUP(IF(N(D8)=0,C8/E8,NPER(D8/12,-E8,C8)),0),"Payment too low")) | G8: =IF(OR(B8="",NOT(ISNUMBER(F8))),"",EDATE(TODAY(),F8)) | H8: =IF(OR(B8="",NOT(ISNUMBER(F8))),"",MAX(0,IF(N(D8)=0,C8/E8,NPER(D8/12,-E8,C8))*E8-C8))
F9: =IF(OR(B9="",N(E9)=0),"",IFERROR(ROUNDUP(IF(N(D9)=0,C9/E9,NPER(D9/12,-E9,C9)),0),"Payment too low")) | G9: =IF(OR(B9="",NOT(ISNUMBER(F9))),"",EDATE(TODAY(),F9)) | H9: =IF(OR(B9="",NOT(ISNUMBER(F9))),"",MAX(0,IF(N(D9)=0,C9/E9,NPER(D9/12,-E9,C9))*E9-C9))
F10: =IF(OR(B10="",N(E10)=0),"",IFERROR(ROUNDUP(IF(N(D10)=0,C10/E10,NPER(D10/12,-E10,C10)),0),"Payment too low")) | G10: =IF(OR(B10="",NOT(ISNUMBER(F10))),"",EDATE(TODAY(),F10)) | H10: =IF(OR(B10="",NOT(ISNUMBER(F10))),"",MAX(0,IF(N(D10)=0,C10/E10,NPER(D10/12,-E10,C10))*E10-C10))
F11: =IF(OR(B11="",N(E11)=0),"",IFERROR(ROUNDUP(IF(N(D11)=0,C11/E11,NPER(D11/12,-E11,C11)),0),"Payment too low")) | G11: =IF(OR(B11="",NOT(ISNUMBER(F11))),"",EDATE(TODAY(),F11)) | H11: =IF(OR(B11="",NOT(ISNUMBER(F11))),"",MAX(0,IF(N(D11)=0,C11/E11,NPER(D11/12,-E11,C11))*E11-C11))
F12: =IF(OR(B12="",N(E12)=0),"",IFERROR(ROUNDUP(IF(N(D12)=0,C12/E12,NPER(D12/12,-E12,C12)),0),"Payment too low")) | G12: =IF(OR(B12="",NOT(ISNUMBER(F12))),"",EDATE(TODAY(),F12)) | H12: =IF(OR(B12="",NOT(ISNUMBER(F12))),"",MAX(0,IF(N(D12)=0,C12/E12,NPER(D12/12,-E12,C12))*E12-C12))
F13: =IF(OR(B13="",N(E13)=0),"",IFERROR(ROUNDUP(IF(N(D13)=0,C13/E13,NPER(D13/12,-E13,C13)),0),"Payment too low")) | G13: =IF(OR(B13="",NOT(ISNUMBER(F13))),"",EDATE(TODAY(),F13)) | H13: =IF(OR(B13="",NOT(ISNUMBER(F13))),"",MAX(0,IF(N(D13)=0,C13/E13,NPER(D13/12,-E13,C13))*E13-C13))
B15: TOTAL | C15: =SUM(C6:C13) | E15: =SUM(E6:E13) | H15: =SUM(H6:H13)
B17: 💡 “Avalanche” method: pay the minimum on everything, and put every extra euro on the debt with the highest rate. Change the payment to see the payoff date move.

Sheet Lists
A1: January | B1: Income | C1: =MATCH(Dashboard!$C$5,$A$1:$A$12,0) | D1: =SUM(E1:E12) | E1: =IF(Yearly!C6+Yearly!D6+Yearly!E6>0,1,0)
A2: February | B2: Expense | E2: =IF(Yearly!C7+Yearly!D7+Yearly!E7>0,1,0)
A3: March | B3: Savings | E3: =IF(Yearly!C8+Yearly!D8+Yearly!E8>0,1,0)
A4: April | E4: =IF(Yearly!C9+Yearly!D9+Yearly!E9>0,1,0)
A5: May | E5: =IF(Yearly!C10+Yearly!D10+Yearly!E10>0,1,0)
A6: June | E6: =IF(Yearly!C11+Yearly!D11+Yearly!E11>0,1,0)
A7: July | E7: =IF(Yearly!C12+Yearly!D12+Yearly!E12>0,1,0)
A8: August | E8: =IF(Yearly!C13+Yearly!D13+Yearly!E13>0,1,0)
A9: September | E9: =IF(Yearly!C14+Yearly!D14+Yearly!E14>0,1,0)
A10: October | E10: =IF(Yearly!C15+Yearly!D15+Yearly!E15>0,1,0)
A11: November | E11: =IF(Yearly!C16+Yearly!D16+Yearly!E16>0,1,0)
A12: December | E12: =IF(Yearly!C17+Yearly!D17+Yearly!E17>0,1,0)
